 Dungeon Crawl Stone Soup version 0.31-a0-217-g58bb5d79cf (webtiles) character file.

Game seed: 7353607629751761348

429580 qw the Conqueror (level 22, -9/229 (233) HPs)
             Began as a Minotaur Hexslinger on July 2, 2023.
             Was an Elder of Okawaru.
             Killed by divine providence
             ... invoked by a sphinx
              (10 damage)
             ... while paralysed by a sphinx
             ... on level 5 of the Vaults.
             The game lasted 00:23:03 (44880 turns).

qw the Conqueror (Minotaur Hexslinger)             Turns: 44880, Time: 00:23:03

HP:   -9/229 (233)  AC: 25    Str: 17    XL:     22   Next: 81%
MP:   29/29         EV:  2    Int: 10    God:    Okawaru [****..]
Gold: 1938          SH:  0    Dex: 35    Spells: 22/23 levels left

rFire   + + .        j - +10 triple crossbow of Triumph {freeze, Fragile rCorr Str+3}
rCold   . . .        (shield currently unavailable)
rNeg    . . .        d - +4 ring mail "Dypaus" {rF++ Str-4 Slay+6 SInv}
rPois   .            u - +2 hat
rElec   .            p - scarf {repulsion}
rCorr   +            e - +2 pair of gloves
SInv    +            n - +2 pair of boots {Fly}
Will    +....        h - amulet of faith
Stlth   +++          I - ring "Apnudod" {Str+3 Dex+7 SInv}
HPRegen 0.58/turn    i - +6 ring of dexterity
MPRegen 0.21/turn

%: repel missiles, faith
@: paralysed, heroic, flying, lightly drained
A: horns 2, retaliatory headbutt
}: 2/15 runes: decaying, gossamer
a: Renounce Religion, Heroism, Finesse


You were on level 5 of the Vaults.
You worshipped Okawaru.
Okawaru was greatly pleased with you.
You visited 8 branches of the dungeon, and saw 40 of its levels.

You collected 4571 gold pieces.
You spent 2633 gold pieces at shops.


Innate Abilities, Weirdness & Mutations

You have a pair of horns on your head.
You reflexively headbutt those who attack you in melee.


   Skills:
 O Level 27 Fighting
 - Level 22.0(27) Ranged Weapons
 + Level 21.7(26.7) Armour
 - Level 22.0(27) Dodging
 - Level 1.0 Spellcasting
 - Level 2.0 Hexes
 - Level 11.2 Invocations


You had 22 spell levels left.
You knew the following spells:

 Your Spells              Type           Power      Damage    Failure   Level
a - Slow                  Hex            16%        N/A       19%         1

Your spell library contained the following spells:

 Spells                   Type           Power      Damage    Failure   Level
 Inner Flame              Hex/Fire       2%         N/A       65%         3
 Portal Projectile        Hex/Tloc       4%         N/A       65%         3
 Cause Fear               Hex            2%         N/A       88%         4

Inventory:

Hand Weapons
 j - the +10 triple crossbow of Triumph (weapon) {freeze, Fragile rCorr Str+3}
   (Okawaru gifted it to you on level 4 of the Spider Nest)

   Str:       It affects your strength (+3).
   rCorr:     It protects you from acid and corrosion.
   Fragile:   It will be destroyed if unequipped.
 D - the +2 triple crossbow of Sudden Death {drain, rElec rF++ Str-4}
   (Okawaru gifted it to you on level 2 of the Vaults)

   Str:       It affects your strength (-4).
   rF:        It greatly protects you from fire.
   rElec:     It insulates you from electricity.
Armour
 d - the +4 ring mail "Dypaus" (worn) {rF++ Str-4 Slay+6 SInv}
   (You found it on level 2 of the Dungeon)

   Str:       It affects your strength (-4).
   Slay:      It affects your accuracy & damage with ranged weapons and melee
   (+6).
   rF:        It greatly protects you from fire.
   SInv:      It lets you see invisible.
 e - a +2 pair of gloves (worn)
 n - a +2 pair of boots of flying (worn)
 p - a scarf of repulsion (worn)
 s - the +1 pair of boots "Qinoh" {-Tele rC+++ rN+ SInv}
   (Okawaru gifted it to you on level 3 of the Lair of Beasts)

   rC:        It renders you almost immune to cold.
   rN:        It protects you from negative energy.
   SInv:      It lets you see invisible.
   -Tele:     It prevents most forms of teleportation.
 t - the +0 pair of gloves of Polish {Harm +Inv Regen+ Stlth+}
   (You bought it in a shop on level 2 of the Orcish Mines)

   +Inv:      It lets you turn invisible.
   Regen:     It increases your rate of health regeneration.
   Harm:      It increases damage dealt and taken.
   Stlth:     It makes you more stealthy.
 u - a +2 hat (worn)
 v - the +3 hat of Pondering {ponderous, Will+ MP+10 Int+5}
   (You found it on level 3 of the Depths)

   Int:       It affects your intelligence (+5).
   MP:        It affects your magic capacity (+10).
   Will:      It increases your willpower.
 x - the +1 hat of Ashenzari's Generosity {rElec rC- rN+ Int+2}
   (You found it on level 2 of the Orcish Mines)

   Int:       It affects your intelligence (+2).
   rC:        It makes you vulnerable to cold.
   rElec:     It insulates you from electricity.
   rN:        It protects you from negative energy.
 C - a +1 cloak
 F - a +2 hat of see invisible
Jewellery
 h - an amulet of faith (around neck)
 i - a +6 ring of dexterity (right hand)
 k - an amulet of regeneration
 r - the amulet "Joome" {Reflect rF- Will+++ Regen+ Int-3 SH+5}
   (You found it on level 3 of the Depths)

   [amulet of reflection]

   It reflects blocked missile attacks.
   Int:       It affects your intelligence (-3).
   rF:        It makes you vulnerable to fire.
   Regen:     It increases your rate of health regeneration.
   SH:        It affects your SH (+5).
   Will:      It greatly increases your willpower.
 w - the ring "Micsar" {rElec rF+ Str+4 Dex-3 SInv}
   (You found it on level 11 of the Dungeon)

   [ring of see invisible]

   Str:       It affects your strength (+4).
   Dex:       It affects your dexterity (-3).
   rF:        It protects you from fire.
   rElec:     It insulates you from electricity.
   SInv:      It lets you see invisible.
 G - the ring "Taink" {Ice Str+2 Dex+2 SInv}
   (You took it off Josephina on level 2 of the Depths)

   [ring of ice]

   It enhances your ice magic.
   Str:       It affects your strength (+2).
   Dex:       It affects your dexterity (+2).
   rF:        It makes you vulnerable to fire.
   rC:        It protects you from cold.
   SInv:      It lets you see invisible.
 H - the amulet "Wimo" {RegenMP Will+ Int-4 Dex+2}
   (You found it on level 2 of the Depths)

   [amulet of magic regeneration]

   It increases your rate of magic regeneration.
   Int:       It affects your intelligence (-4).
   Dex:       It affects your dexterity (+2).
   Will:      It increases your willpower.
 I - the ring "Apnudod" (left hand) {Str+3 Dex+7 SInv}
   (You bought it in a shop on level 2 of the Depths)

   [ring of see invisible]

   Str:       It affects your strength (+3).
   Dex:       It affects your dexterity (+7).
   SInv:      It lets you see invisible.
Wands
 a - a wand of digging (27)
Scrolls
 b - 18 scrolls of teleportation
 c - 22 scrolls of identify
 z - 2 scrolls of enchant armour
 E - 2 scrolls of enchant weapon
Potions
 f - a potion of heal wounds
 g - 6 potions of enlightenment
 l - 3 potions of magic
 m - 7 potions of curing
 o - 5 potions of haste
 q - 6 potions of might
 A - 2 potions of mutation
 B - a potion of cancellation

Dungeon Overview and Level Annotations

Branches:
Dungeon (15/15)            Temple (1/1) D:6            Lair (5/5) D:10
  Swamp (4/4) Lair:3       Spider (4/4) Lair:2        Slime (0/5) Lair:4
    Orc (2/2) D:11            Elf (0/3) Orc:2        Vaults (5/5) D:13
  Crypt (0/3) Vaults:2     Depths (4/4) D:15            Zot (0/5) Depths:4

Altars:
Ashenzari
Cheibriados
Dithmenos
Elyvilon
Fedhas
Gozag
Hepliaklqana
Kikubaaqudgha
Makhleb
Nemelex Xobeh
Okawaru
Qazlal
Ru
Sif Muna
Trog
Uskayaw
Vehumet
Wu Jian
Xom
Yredelemnul
Zin
The Shining One
Jiyva
Lugonu

Shops:
D:9 (:=([[!   Orc:1 *?:=   Orc:2 **(**   Vaults:4 (   Vaults:5 !:   Depths:1 *
Depths:2 :=:

Portals:
Hell: Depths:1 Depths:2 Depths:3 Depths:4
Abyss: Depths:1 Depths:3
Pandemonium: Depths:1 Depths:2
Ziggurat: Depths:4

Annotations:
Lair:2 1 runed translucent door, qw's ghost, journeyman GrFi


Message History

You kill the storm dragon!
Okawaru accepts your kill. Okawaru grants you throwing weapons!
Something appears at your feet!
The storm dragon scales are intact enough to wear.
The necromancer casts a spell at you. You resist with some effort.
An ogre mage comes into view. It is wielding a +0 whip.
The lindwurm roars!
You shoot a bolt. The bolt barely misses the sphinx.
The bolt hits the ironbound preserver!!!
The bolt freezes the ironbound preserver!
The ironbound preserver is heavily wounded.
The lindwurm changes into a jumping spider!
The sphinx hits you but does no damage. The sphinx misses you.
The sphinx completely misses you.
The ogre mage hits you but does no damage.
The necromancer points at you and mumbles some strange words.
Your body is wracked with pain!
The ironbound preserver casts a spell.
The ironbound preserver is healed somewhat.
The sphinx mumbles some strange words.
You suddenly lose the ability to move!
The ogre mage hits you from afar with a +0 spear!
The necromancer hits you but does no damage.
The ettin hits you with a +0 dire flail!!
The ettin barely misses you.
The stone giant hits you but does no damage.
The ogre mage mumbles some strange words.
The ogre mage flickers and vanishes for a moment.
The sphinx hits you but does no damage. x3
A frost giant comes into view.
It is wielding a +0 battleaxe of freezing.
The necromancer hits you but does no damage.
The sphinx hits you but does no damage. x3
The ettin hits you with a +0 dire flail!
The ettin hits you with a +0 dire flail!!
The stone giant hits you!!
The ogre mage hits you but does no damage.
The sphinx mumbles some strange words.
Something smites you!
You die...

#............
+...........
#....##########
############
#..............
.....
#..............
.....
#..............
......
#..............
......
#....##############
######
#..................
...
#..#.......@CO.....
...
#..#...###CHp......
... #..#...#
#DpO#..... ... #.
#...# #Cc.# ''#. ..
#. #.... #.\.'. .#
#....##...'C\ #
#....######.sk#
#....# ''+#


You could see an ironbound preserver, a titan, a frost giant, a quicksilver
dragon, a sphinx, a stone giant, a yaktaur captain, an ettin, 2 ogre magi and a
necromancer.

Vanquished Creatures
  Sojobo (Vaults:4)
  Josephina (Depths:2)
  5 caustic shrikes
  4 golden dragons
  2 bone dragons
  4 liches
  3 tentacled monstrosities
  3 titans (Vaults:5)
  Rupert (Lair:4)
  2 quicksilver dragons (Vaults:5)
  3 sphinxes
  Gastronok (Lair:3)
  Kirke (D:12)
  Agnes (Spider:3)
  A storm dragon (Vaults:5)
  Roxanne (Spider:2)
  5 tengu reavers
  4 shadow dragons
  A fenstrider witch (Swamp:1)
  A draconian monk (Depths:4)
  4 fire giants
  A draconian knight (Depths:4)
  12 frost giants
  Aizul (Spider:2)
  13 vault wardens
  4 ghost moths
  5 emperor scorpions
  An iron dragon (Depths:4)
  A draconian shifter (Depths:4)
  2 deep elf sorcerers
  Louise (Swamp:3)
  17 ironbound preservers
  2 orc warlords
  2 war gargoyles
  8 ironbound thunderhulks
  3 formless jellyfish
  11 stone giants
  23 very ugly things
  3 vampire knights
  7 broodmothers
  A juggernaut skeleton (Depths:1)
  4 eleionomae
  2 black draconians (Depths:4)
  4 deep elf annihilators
  A white draconian (Depths:4)
  4 spark wasps
  3 yellow draconians (Depths:4)
  2 bunyips
  2 minotaurs (D:11)
  7 dire elephants
  9 fire dragons
  3 shambling mangroves
  5 ettins
  A merfolk javelineer (Depths:3)
  9 great orbs of eyes
  13 yaktaur captains
  5 entropy weavers
  A peacekeeper (Vaults:2)
  A juggernaut simulacrum (Depths:2)
  39 vault guards
  A jorogumo (Spider:2)
  An ogre mage (D:15)
  2 radroaches
  12 ironbound frosthearts
  A rakshasa (D:15)
  6 boulder beetles
  19 hydras
  5 spriggan air magi
  2 ghost crabs
  22 centaur warriors
  A jorogumo (shapeshifter) (Depths:2)
  9 two-headed ogres
  12 alligators
  8 deep troll shamans
  16 death yaks
  5 tengu warriors
  7 deep troll earth magi
  A vampire mage (Vaults:2)
  7 spriggan berserkers
  12 demonic crawlers
  7 orc high priests (Orc:2)
  A spectral dire elephant (Lair:5)
  A hell hog (Depths:4)
  7 sun demons (Depths:4)
  19 hell knights
  2 shock serpents (shapeshifter)
  3 skysharks (Lair:3)
  A shadow wraith (Vaults:1)
  A goliath frog (Swamp:2)
  8 skeletal warriors
  2 pharaoh ants
  6 iron trolls
  A sun moth (Spider:1)
  An obsidian statue (Lair:5)
  5 swamp dragons
  54 deep trolls
  A spectral anaconda (Lair:5)
  An orb spider (shapeshifter) (Vaults:1)
  7 bog bodies
  4 spriggan druids
  6 orb spiders
  5 spectral hydras (Swamp:4)
  9 wizards
  5 orc knights
  14 lindwurms
  12 necromancers
  4 phantasmal warriors
  22 ironbound convokers
  3 deep elf pyromancers
  9 steelbarb worms
  A lindwurm (shapeshifter) (D:14)
  A fire giant zombie (Depths:1)
  20 wolf spiders
  5 cyclopes
  A sphinx skeleton (Depths:1)
  An orc sorcerer (Orc:1)
  29 ugly things
  5 manticores
  A salamander (shapeshifter) (Depths:4)
  4 moths of wrath
  6 will-o-the-wisps
  19 elephants
  6 black mambas
  2 water nymphs (shapeshifter)
  18 vault sentinels
  An eye of devastation (shapeshifter) (D:15)
  2 smoke demons (Depths:4)
  Maggie (D:8)
  14 cane toads
  2 gargoyles
  6 torpor snails
  A hellion (Depths:4)
  A dire elephant skeleton (Lair:5)
  2 efreet
  2 rime drakes
  2 unseen horrors (D:11)
  A komodo dragon (shapeshifter) (D:14)
  4 swamp worm zombies (Swamp:4)
  A freezing wraith (Vaults:1)
  4 tengu conjurers
  33 yaktaurs
  6 komodo dragons
  A queen bee (Spider:1)
  6 tyrant leeches
  3 hydra zombies (Swamp:4)
  3 bloated husks
  A queen bee (shapeshifter) (D:13)
  A polar bear (shapeshifter) (D:13)
  26 tarantellas
  16 hornets
  2 trolls
  2 polar bears
  4 alligator zombies (Swamp:4)
  3 meliai (Spider:1)
  3 spectral elephants (Lair:5)
  A spectral swamp dragon (Swamp:4)
  16 dream sheep
  An iron dragon simulacrum (Depths:2)
  12 blink frogs
  33 slime creatures
  36 jumping spiders
  A centaur simulacrum (D:15)
  A shadow (D:10)
  16 spriggans
  72 yaks
  2 vampires
  3 wraiths
  15 culicivoras
  15 water elementals
  5 wyverns
  2 humans (D:12)
  7 basilisks
  5 hogs (D:12)
  49 redbacks
  12 vampire mosquitoes
  Menkaure (D:4)
  A death yak simulacrum (Lair:5)
  20 swamp worms
  5 wargs
  A spectral cane toad (Lair:5)
  6 acid dragons
  11 water moccasins
  A floating eye (Depths:3)
  14 orc warriors
  3 ice beasts
  A sky beast (shapeshifter) (Depths:2)
  4 swamp drakes
  A black bear (shapeshifter) (D:13)
  3 black bears
  2 sky beasts
  4 swamp dragon zombies (Swamp:4)
  5 ogres
  5 boggarts (Vaults:1)
  An elephant zombie (Lair:5)
  19 wolves
  10 centaurs
  6 phantoms
  A kobold brigand (D:7)
  16 bullfrogs
  A cane toad simulacrum (Lair:5)
  7 scorpions
  6 wights
  5 howler monkeys
  22 killer bees
  5 electric eels
  A crimson imp (Orc:2)
  3 jellies
  2 gnoll boudas
  40 orc priests
  3 hounds
  4 iguanas
  An iron imp (Orc:2)
  A sleepcap (D:8)
  Ijyb (D:3)
  27 orc wizards
  A spectral swamp drake (Swamp:4)
  4 hell rats (Lair:2)
  8 adders
  23 gnolls
  A swamp drake zombie (Swamp:4)
  2 shadow imps
  15 white imps
  An ufetubus (D:6)
  A worm (D:2)
  A dart slug (D:4)
  106 orcs
  10 ball pythons
  4 bats
  5 endoplasms
  4 giant cockroaches
  7 goblins
  9 hobgoblins
  4 jackals
  4 quokkas
  A frilled lizard (D:1)
  6 kobolds
  7 rats
1723 creatures vanquished.

Vanquished Creatures (others)
  A fire giant (Depths:1)
  An eleionoma (Swamp:4)
  A titan simulacrum (Depths:2)
  5 bloated husks
  A phantom (Swamp:4)
  An orc (Orc:2)
10 creatures vanquished.

Grand Total: 1733 creatures vanquished

Notes
Turn   | Place    | Note
-------+----------+-------------------------------------------
     0 | D:1      | qw the Minotaur Hexslinger began the quest for the Orb.
     0 | D:1      | Reached XP level 1. HP: 16/16 MP: 1/1
     0 | D:1      | 0 ||| qw: Version: 0.3-a-40-ge99b1a8
     0 | D:1      | 0 ||| qw: Game counter: 167
     0 | D:1      | 0 ||| qw: Melee chars always use a shield: true
     0 | D:1      | 0 ||| qw: God list: Okawaru
     0 | D:1      | 0 ||| qw: Allow faded altars: false
     0 | D:1      | 0 ||| qw: Do Orc after clearing Dungeon:15 true
     0 | D:1      | 0 ||| qw: Do second Lair branch before Depths: true
     0 | D:1      | 0 ||| qw: Lair rune preference: random
     0 | D:1      | 0 ||| qw: Goals: Normal
     0 | D:1      | 0 ||| PLANNING D:1-11
    71 | D:1      | Reached skill level 3 in Ranged Weapons
    73 | D:1      | Reached XP level 2. HP: 23/23 MP: 2/2
   514 | D:1      | Reached skill level 2 in Fighting
   706 | D:1      | 706 ||| UPGRADING to +0 ring mail.
   716 | D:1      | 716 ||| DROPPING +0 robe.
   717 | D:1      | 717 ||| READING 2 scrolls labelled NIOHI ZYCE.
   718 | D:1      | 718 ||| READING scroll labelled WOEWU MUN SUTH.
   719 | D:1      | 719 ||| READING scroll labelled MAMUHE NOM CEQ.
   720 | D:1      | 720 ||| READING scroll labelled OHUMETS APPU.
   725 | D:1      | 725 ||| DROPPING scroll of blinking.
   726 | D:1      | 726 ||| DROPPING scroll of poison.
   808 | D:2      | HP: 6/24 [poisoned by an adder]
   816 | D:2      | Reached XP level 3. HP: 5/29 MP: 3/3
  1012 | D:2      | Identified the +4 ring mail "Dypaus" {rF++ Str-4 Slay+6
                  | SInv}
  1295 | D:2      | Reached skill level 1 in Armour
  1387 | D:2      | 1387 ||| UPGRADING to +4 ring mail "Dypaus" {rF++ Str-4
                  | Slay+6 SInv}.
  1397 | D:2      | 1397 ||| DROPPING +0 ring mail.
  1398 | D:2      | 1398 ||| READING scroll labelled NODOESA ENUQ.
  1499 | D:2      | 1499 ||| READING scroll labelled ZYHEKUUNLAZUUB.
  1500 | D:2      | 1500 ||| READING scroll labelled RYSEUF XUNECW.
  1501 | D:2      | 1501 ||| DRINKING 2 dark potions.
  1502 | D:2      | 1502 ||| DROPPING potion of magic.
  1557 | D:3      | 1557 ||| STAIRDANCE
  1562 | D:2      | Reached XP level 4. HP: 34/36 MP: 4/4
  2221 | D:3      | 2221 ||| READING scroll labelled UMAVVU IKEEZO.
  2260 | D:4      | Identified the +11 hand axe "Newtslayer" {freeze, rF+
                  | Str+3}
  2273 | D:4      | Noticed Ijyb
  2276 | D:4      | 2276 ||| FLEEEEING.
  2277 | D:4      | 2277 ||| FLEEEEING.
  2281 | D:4      | 2281 ||| FLEEEEING.
  2282 | D:4      | 2282 ||| FLEEEEING.
  2283 | D:4      | 2283 ||| FLEEEEING.
  2284 | D:4      | 2284 ||| FLEEEEING.
  2285 | D:4      | 2285 ||| FLEEEEING.
  2286 | D:4      | 2286 ||| FLEEEEING.
  2287 | D:4      | 2287 ||| FLEEEEING.
  2288 | D:4      | 2288 ||| FLEEEEING.
  2289 | D:4      | 2289 ||| FLEEEEING.
  2290 | D:4      | 2290 ||| FLEEEEING.
  2293 | D:4      | 2293 ||| FLEEEEING.
  2294 | D:4      | 2294 ||| STAIRDANCE
  2330 | D:4      | 2330 ||| STAIRDANCE
  2337 | D:3      | HP: 5/36 [disintegration (9)]
  2343 | D:3      | HP: 6/36 [disintegration (1)]
  2344 | D:3      | Killed Ijyb
  2505 | D:4      | Noticed Menkaure
  2512 | D:4      | HP: 6/36 [??? (4)]
  2513 | D:4      | Killed Menkaure
  2514 | D:4      | Reached skill level 4 in Fighting
  2514 | D:4      | Reached XP level 5. HP: 8/47 MP: 5/5
  2748 | D:4      | Reached XP level 6. HP: 53/53 MP: 6/6
  3205 | D:4      | 3205 ||| READING scroll labelled DIFUJ BEY.
  3206 | D:4      | 3206 ||| READING scroll labelled VYIROT QIHE.
  3207 | D:4      | 3207 ||| DRINKING 2 coppery potions.
  3208 | D:4      | 3208 ||| READING 3 scrolls of identify.
  3208 | D:4      | 3208 ||| IDENTIFYING fizzy emerald potion
  3236 | D:5      | Entered Level 5 of the Dungeon
  3245 | D:5      | Reached skill level 6 in Ranged Weapons
  3310 | D:5      | 3310 ||| Stepping ~*~*~tactically~*~*~ (outnumbered).
  3313 | D:5      | 3313 ||| Stepping ~*~*~tactically~*~*~ (outnumbered).
  3537 | D:5      | Reached XP level 7. HP: 59/60 MP: 7/7
  3597 | D:5      | 3597 ||| FLEEEEING.
  3602 | D:5      | 3602 ||| FLEEEEING.
  3603 | D:5      | 3603 ||| FLEEEEING.
  3604 | D:5      | 3604 ||| FLEEEEING.
  3605 | D:5      | 3605 ||| FLEEEEING.
  3606 | D:5      | 3606 ||| FLEEEEING.
  3614 | D:5      | 3614 ||| FLEEEEING.
  3615 | D:5      | 3615 ||| FLEEEEING.
  3616 | D:5      | 3616 ||| FLEEEEING.
  3617 | D:5      | 3617 ||| FLEEEEING.
  3618 | D:5      | 3618 ||| FLEEEEING.
  3619 | D:5      | 3619 ||| FLEEEEING.
  3620 | D:5      | 3620 ||| FLEEEEING.
  3669 | D:5      | Reached skill level 5 in Fighting
  3814 | D:5      | Found a hazy altar of Hepliaklqana.
  3919 | D:5      | Found a burning altar of Makhleb.
  4032 | D:5      | 4032 ||| UPGRADING to +0 pair of gloves.
  4037 | D:5      | 4037 ||| UPGRADING to amulet of the acrobat.
  4042 | D:5      | 4042 ||| UPGRADING to +6 ring of strength.
  4101 | D:6      | Reached XP level 8. HP: 68/68 MP: 8/8
  4113 | D:6      | Reached skill level 9 in Ranged Weapons
  4309 | D:6      | Reached skill level 3 in Dodging
  4319 | D:6      | 4319 ||| FLEEEEING.
  4320 | D:6      | 4320 ||| FLEEEEING.
  4321 | D:6      | 4321 ||| FLEEEEING.
  4322 | D:6      | 4322 ||| FLEEEEING.
  4324 | D:6      | 4324 ||| FLEEEEING.
  4326 | D:6      | 4326 ||| FLEEEEING.
  4329 | D:6      | 4329 ||| FLEEEEING.
  4331 | D:6      | 4331 ||| FLEEEEING.
  4334 | D:6      | 4334 ||| STAIRDANCE
  4362 | D:6      | 4362 ||| STAIRDANCE
  4517 | D:6      | Reached skill level 6 in Fighting
  4707 | D:6      | Found a staircase to the Ecumenical Temple.
  4708 | D:6      | 4708 ||| PLANNING TEMPLE
  4713 | Temple   | Entered the Ecumenical Temple
  4813 | Temple   | 4813 ||| PLANNING OKAWARU WORSHIP
  4866 | Temple   | Became a worshipper of Warmaster Okawaru
  4867 | Temple   | 4867 ||| PLANNING D:1-11
  4990 | D:6      | Reached skill level 7 in Fighting
  5000 | D:6      | Reached * piety under Okawaru
  5001 | D:6      | Reached XP level 9. HP: 35/79 MP: 9/9
  5163 | D:6      | 5163 ||| Stepping ~*~*~tactically~*~*~ (outnumbered).
  5325 | D:6      | 5325 ||| READING 3 scrolls of identify.
  5325 | D:6      | 5325 ||| IDENTIFYING black potion
  5326 | D:6      | 5326 ||| DROPPING potion of berserk rage.
  5342 | D:7      | Noticed a +0 spear
  5343 | D:7      | Noticed a +0 falchion
  5343 | D:7      | Noticed a +0 falchion
  5344 | D:7      | Noticed a +0 spear
  5344 | D:7      | Noticed a +0 dagger
  5344 | D:7      | Noticed a +0 short sword
  5346 | D:7      | Noticed a +0 short sword
  5347 | D:7      | Noticed a +0 dagger
  5348 | D:7      | Found a hide-covered altar of Uskayaw.
  5362 | D:7      | Reached skill level 1 in Invocations
  5364 | D:7      | Identified the ring "Xyneest" {rElec AC+4 Str+3}
  5473 | D:7      | 5473 ||| SWAPPING to +0 orcbow.
  5474 | D:7      | 5474 ||| DROPPING +1 sling.
  5552 | D:7      | 5552 ||| INVOKING Heroism.
  6022 | D:7      | 6022 ||| FLEEEEING.
  6023 | D:7      | 6023 ||| FLEEEEING.
  6059 | D:7      | Found a shadowy altar of Dithmenos.
  6062 | D:7      | 6062 ||| INVOKING Heroism.
  6075 | D:7      | Reached skill level 3 in Armour
  6161 | D:7      | Found a broken altar of Ashenzari.
  6164 | D:7      | Found a radiant altar of Vehumet.
  6164 | D:7      | Found a snail-covered altar of Cheibriados.
  6174 | D:7      | Found an ancient bone altar of Kikubaaqudgha.
  6394 | D:7      | 6394 ||| DROPPING amulet of magic regeneration.
  6395 | D:7      | 6395 ||| UPGRADING to ring "Xyneest" {rElec AC+4 Str+3}.
  6396 | D:7      | 6396 ||| READING scroll labelled XENE WUCIOFU.
  6397 | D:7      | 6397 ||| READING 2 scrolls of identify.
  6397 | D:7      | 6397 ||| IDENTIFYING bubbling clear potion
  6422 | D:8      | Reached skill level 3 in Invocations
  6481 | D:8      | Noticed Maggie
  6486 | D:8      | 6486 ||| INVOKING Heroism.
  6491 | D:8      | Killed Maggie
  6570 | D:8      | Reached skill level 12 in Ranged Weapons
  6818 | D:8      | Identified the +5 spear of Actus Reus {protect, rN+ Int-4
                  | Dex+3}
  6861 | D:8      | Paralysed by a hornet for 2 turns
  6865 | D:8      | Paralysed by a hornet for 2 turns
  6867 | D:8      | 6867 ||| INVOKING Heroism.
  6869 | D:8      | HP: 20/80 [hornet (10)]
  6870 | D:8      | 6870 ||| READING 2 scrolls of teleportation.
  6870 | D:8      | HP: 9/80 [hornet (6)]
  6871 | D:8      | 6871 ||| DRINKING potion of heal wounds.
  7127 | D:8      | Paralysed by a hornet for 2 turns
  7130 | D:8      | 7130 ||| INVOKING Heroism.
  7132 | D:8      | Reached skill level 8 in Fighting
  7132 | D:8      | Reached XP level 10. HP: 36/88 MP: 9/12
  7139 | D:8      | HP: 22/88 [poisoned by a hornet]
  7141 | D:8      | 7141 ||| READING scroll of teleportation.
  7197 | D:8      | 7197 ||| FLEEEEING.
  7198 | D:8      | 7198 ||| FLEEEEING.
  7199 | D:8      | 7199 ||| FLEEEEING.
  7206 | D:8      | 7206 ||| STAIRDANCE
  7335 | D:7      | 7335 ||| UPGRADING to +0 cloak.
  7340 | D:7      | 7340 ||| UPGRADING to amulet of regeneration.
  7350 | D:7      | 7350 ||| DROPPING amulet of the acrobat.
  7351 | D:7      | 7351 ||| READING 2 scrolls of identify.
  7351 | D:7      | 7351 ||| IDENTIFYING blue potion
  7352 | D:7      | 7352 ||| DROPPING potion of degeneration.
  7372 | D:8      | Reached ** piety under Okawaru
  7428 | D:8      | 7428 ||| INVOKING Heroism.
  7755 | D:9      | Found Sehuicag's Armour Shop.
  7756 | D:9      | 7756 ||| INVOKING Heroism.
  7758 | D:9      | 7758 ||| Stepping ~*~*~tactically~*~*~ (outnumbered).
  7780 | D:9      | Found Ryzoyg's Book Emporium.
  7782 | D:9      | 7782 ||| SWAPPING to +1 orcbow of flaming.
  7783 | D:9      | 7783 ||| DROPPING +0 orcbow of freezing.
  7785 | D:9      | Found Joyjeto's Antique Armour Boutique.
  7785 | D:9      | Found Acuyd's Jewellery Shoppe.
  7787 | D:9      | Found Jusked's Distillery.
  7787 | D:9      | Found Riptagui's Weapon Emporium.
  7791 | D:9      | 7791 ||| BUYING +2 pair of boots (181 gold).
  7791 | D:9      | Bought a +2 pair of boots for 181 gold pieces
  7793 | D:9      | 7793 ||| BUYING glowing cloak (210 gold).
  7793 | D:9      | Bought a glowing cloak for 210 gold pieces
  7795 | D:9      | 7795 ||| BUYING potion of curing (42 gold).
  7795 | D:9      | Bought a potion of curing for 42 gold pieces
  7795 | D:9      | 7795 ||| BUYING potion of haste (140 gold).
  7795 | D:9      | Bought a potion of haste for 140 gold pieces
  7795 | D:9      | 7795 ||| SHOPLISTING potion of magic (112 gold, have 92).
  7795 | D:9      | 7795 ||| SHOPLISTING potion of resistance (140 gold, have
                  | 92).
  7819 | D:9      | Reached skill level 9 in Fighting
  7850 | D:9      | 7850 ||| SHOPLISTING +5 ring of evasion (360 gold, have
                  | 92).
  7850 | D:9      | 7850 ||| SHOPLISTING +6 ring of dexterity (360 gold, have
                  | 92).
  7850 | D:9      | 7850 ||| SHOPLISTING ring of the Magpie {rN++ rCorr Str+2
                  | Int-3 Stlth+} (382 gold, have 92).
  8005 | D:9      | Noticed a two-headed ogre
  8006 | D:9      | 8006 ||| INVOKING Heroism.
  8011 | D:9      | Killed a two-headed ogre
  8111 | D:9      | 8111 ||| INVOKING Heroism.
  8164 | D:9      | Found Diakk's Weapon Emporium.
  8173 | D:9      | 8173 ||| SHOPLISTING +2 longbow of electrocution (394 gold,
                  | have 173).
  8331 | D:9      | 8331 ||| UPGRADING to +2 pair of boots.
  8336 | D:9      | 8336 ||| DROPPING +0 cloak of stealth.
  8337 | D:9      | 8337 ||| READING scroll labelled TEXEXZATZYO.
  8353 | D:10     | Entered Level 10 of the Dungeon
  8363 | D:10     | 8363 ||| INVOKING Heroism.
  8409 | D:10     | Reached *** piety under Okawaru
  8412 | D:10     | Reached XP level 11. HP: 75/97 MP: 13/13
  8414 | D:10     | Reached skill level 6 in Dodging
  8450 | D:10     | Found a shimmering altar of Xom.
  8451 | D:10     | Found a glowing golden altar of the Shining One.
  8456 | D:10     | 8456 ||| FLEEEEING.
  8457 | D:10     | 8457 ||| FLEEEEING.
  8458 | D:10     | 8458 ||| FLEEEEING.
  8459 | D:10     | 8459 ||| FLEEEEING.
  8460 | D:10     | 8460 ||| FLEEEEING.
  8463 | D:10     | 8463 ||| FLEEEEING.
  8464 | D:10     | 8464 ||| FLEEEEING.
  8465 | D:10     | 8465 ||| FLEEEEING.
  8466 | D:10     | 8466 ||| FLEEEEING.
  8467 | D:10     | 8467 ||| FLEEEEING.
  8542 | D:10     | 8542 ||| INVOKING Heroism.
  8605 | D:10     | Reached skill level 10 in Fighting
  8612 | D:10     | 8612 ||| INVOKING Heroism.
  8680 | D:10     | Found a staircase to the Lair.
  8739 | D:10     | You fall into a shaft and drop 3 floors!
  8748 | D:13     | 8748 ||| READING 2 scrolls of identify.
  8748 | D:13     | 8748 ||| IDENTIFYING fizzy ruby potion
  8749 | D:13     | 8749 ||| DROPPING potion of invisibility.
  8753 | D:13     | Noticed a brown ugly thing
  8759 | D:13     | Killed a brown ugly thing
  8771 | D:12     | Reached **** piety under Okawaru
  8772 | D:12     | Reached skill level 15 in Ranged Weapons
  8783 | D:12     | Noticed Kirke
  8783 | D:12     | 8783 ||| INVOKING Heroism.
  8797 | D:12     | Killed Kirke
  8844 | D:12     | Noticed a boulder beetle
  8846 | D:12     | 8846 ||| INVOKING Heroism.
  8869 | D:12     | 8869 ||| INVOKING Heroism.
  8870 | D:12     | Killed a boulder beetle
  8894 | D:12     | Noticed a red ugly thing
  8903 | D:12     | Killed a red ugly thing
  8904 | D:12     | Reached skill level 6 in Invocations
  8917 | D:12     | 8917 ||| INVOKING Heroism.
  8943 | D:12     | 8943 ||| DROPPING ring of positive energy.
  9033 | D:11     | Reached ***** piety under Okawaru
  9107 | D:10     | 9107 ||| DRINKING 3 potions of curing.
  9107 | D:10     | 9107 ||| (to cure confusion)
  9314 | D:10     | Identified the +1 hand axe of Hauzar {heavy, rF+}
  9536 | D:10     | 9536 ||| PLANNING LAIR
  9536 | D:10     | 9536 ||| UPGRADING to +4 ring of protection.
  9538 | D:10     | 9538 ||| DROPPING +6 ring of strength.
  9570 | Lair:1   | Entered Level 1 of the Lair of Beasts
  9598 | Lair:1   | 9598 ||| INVOKING Heroism.
  9621 | Lair:1   | Identified the +0 robe "Cioc Icw" {Rampage MP-9 Dex+2}
  9640 | Lair:1   | 9640 ||| INVOKING Heroism.
  9641 | Lair:1   | Reached XP level 12. HP: 92/106 MP: 13/16
  9648 | Lair:1   | Reached skill level 6 in Armour
  9760 | Lair:1   | Received a gift from Okawaru
  9769 | Lair:1   | 9769 ||| SWAPPING to +2 longbow of freezing.
  9770 | Lair:1   | 9770 ||| DROPPING +1 orcbow of flaming.
  9804 | Lair:1   | 9804 ||| INVOKING Heroism.
  9816 | Lair:1   | Reached skill level 11 in Fighting
  9825 | Lair:1   | 9825 ||| INVOKING Heroism.
  9856 | Lair:1   | 9856 ||| FLEEEEING.
  9858 | Lair:1   | 9858 ||| FLEEEEING.
  9860 | Lair:1   | 9860 ||| INVOKING Heroism.
 10084 | Lair:1   | 10084 ||| INVOKING Heroism.
 10173 | Lair:1   | Reached skill level 9 in Invocations
 10381 | Lair:1   | 10381 ||| DROPPING ring of wizardry.
 10382 | Lair:1   | 10382 ||| READING scroll labelled DAORITASAGU.
 10383 | Lair:1   | 10383 ||| READING scroll labelled QOBAUQI YMEUGU.
 10416 | Lair:2   | Found a runed translucent door.
 10416 | Lair:2   | Noticed qw's ghost (journeyman GrFi)
 10432 | Lair:2   | 10432 ||| INVOKING Heroism.
 10715 | Lair:2   | Noticed a death yak
 10716 | Lair:2   | 10716 ||| INVOKING Heroism.
 10751 | Lair:2   | Noticed a death yak
 10752 | Lair:2   | 10752 ||| INVOKING Heroism.
 10755 | Lair:2   | Noticed a death yak
 10758 | Lair:2   | Noticed a death yak
 10760 | Lair:2   | Received a gift from Okawaru
 10763 | Lair:2   | Noticed a death yak
 10766 | Lair:2   | Killed a death yak
 10767 | Lair:2   | Noticed a death yak
 10771 | Lair:2   | 10771 ||| INVOKING Heroism.
 10774 | Lair:2   | Killed a death yak
 10782 | Lair:2   | Killed a death yak
 10788 | Lair:2   | Killed a death yak
 10794 | Lair:2   | Killed a death yak
 10797 | Lair:2   | Killed a death yak
 10861 | Lair:2   | Reached XP level 13. HP: 116/116 MP: 19/19
 11067 | Lair:2   | 11067 ||| INVOKING Heroism.
 11071 | Lair:2   | 11071 ||| Stepping ~*~*~tactically~*~*~ (outnumbered).
 11093 | Lair:2   | Found a hole to the Spider Nest.
 11128 | Lair:2   | 11128 ||| DROPPING ring of protection from cold.
 11129 | Lair:2   | 11129 ||| READING 2 scrolls of identify.
 11129 | Lair:2   | 11129 ||| IDENTIFYING viscous silvery potion
 11130 | Lair:2   | 11130 ||| DROPPING potion of lignification.
 11334 | Lair:3   | 11334 ||| INVOKING Heroism.
 11338 | Lair:3   | Identified the +1 pair of boots "Qinoh" {-Tele rC+++ rN+
                  | SInv} (Okawaru gifted it to you on level 3 of the Lair of
                  | Beasts)
 11338 | Lair:3   | Received a gift from Okawaru
 11459 | Lair:3   | Found a staircase to the Swamp.
 11680 | Lair:3   | Reached skill level 18 in Ranged Weapons
 11689 | Lair:3   | 11689 ||| INVOKING Heroism.
 11749 | Lair:3   | 11749 ||| INVOKING Heroism.
 11750 | Lair:3   | Noticed Gastronok
 11766 | Lair:3   | 11766 ||| Stepping ~*~*~tactically~*~*~ (outnumbered).
 11781 | Lair:3   | Killed Gastronok
 11782 | Lair:3   | Reached skill level 12 in Fighting
 11826 | Lair:3   | 11826 ||| INVOKING Heroism.
 12141 | Lair:3   | 12141 ||| UPGRADING to scarf of repulsion.
 12151 | Lair:3   | 12151 ||| UPGRADING to +2 hat.
 12156 | Lair:3   | 12156 ||| UPGRADING to +6 ring of dexterity.
 12158 | Lair:3   | 12158 ||| DROPPING +4 ring of protection.
 12222 | Lair:4   | Noticed Rupert
 12223 | Lair:4   | 12223 ||| INVOKING Heroism.
 12229 | Lair:4   | 12229 ||| DRINKING 5 potions of curing.
 12229 | Lair:4   | 12229 ||| (to cure confusion)
 12231 | Lair:4   | Killed Rupert
 12304 | Lair:4   | Reached skill level 9 in Dodging
 12451 | Lair:4   | 12451 ||| INVOKING Heroism.
 12464 | Lair:4   | Found a viscous altar of Jiyva.
 12465 | Lair:4   | Found a staircase to the Slime Pits.
 12507 | Lair:4   | Found a sacrificial altar of Ru.
 12733 | Lair:4   | 12733 ||| INVOKING Heroism.
 13044 | Lair:4   | 13044 ||| DRINKING 2 murky yellow potions.
 13045 | Lair:4   | 13045 ||| DROPPING potion of brilliance.
 13080 | Lair:5   | Entered Level 5 of the Lair of Beasts
 13081 | Lair:5   | 13081 ||| INVOKING Heroism.
 13098 | Lair:5   | Reached XP level 14. HP: 113/127 MP: 20/20
 13177 | Lair:5   | 13177 ||| INVOKING Heroism.
 13299 | Lair:5   | 13299 ||| INVOKING Heroism.
 13408 | Lair:5   | Reached skill level 13 in Fighting
 13461 | Lair:5   | 13461 ||| INVOKING Heroism.
 13475 | Lair:5   | 13475 ||| READING scroll of brand weapon.
 13475 | Lair:5   | 13475 ||| BRANDING +2 longbow of freezing.
 13573 | Lair:5   | 13573 ||| INVOKING Heroism.
 13574 | Lair:5   | 13574 ||| INVOKING Finesse.
 13627 | Lair:5   | 13627 ||| INVOKING Heroism.
 13628 | Lair:5   | 13628 ||| INVOKING Finesse.
 13745 | Lair:5   | 13745 ||| INVOKING Heroism.
 13831 | Lair:5   | Identified the +5 flail "Muomown" {heavy, rF++ Will+}
 13911 | Lair:5   | Received a gift from Okawaru
 13922 | Lair:5   | 13922 ||| DROPPING +2 longbow of freezing.
 13960 | Lair:5   | Reached skill level 14 in Fighting
 14476 | Lair:5   | 14476 ||| PLANNING D:1-11
 14476 | Lair:5   | 14476 ||| READING 3 scrolls of identify.
 14476 | Lair:5   | 14476 ||| IDENTIFYING sedimented ruby potion
 14477 | Lair:5   | 14477 ||| READING 2 scrolls of identify.
 14477 | Lair:5   | 14477 ||| IDENTIFYING white potion
 14478 | Lair:5   | 14478 ||| DROPPING potion of ambrosia.
 14694 | D:11     | 14694 ||| READING scroll of enchant armour.
 14694 | D:11     | 14694 ||| ENCHANTING +0 pair of gloves.
 14699 | D:11     | Found a staircase to the Orcish Mines.
 14801 | D:11     | 14801 ||| Stepping ~*~*~tactically~*~*~ (outnumbered).
 14826 | D:11     | 14826 ||| FLEEEEING.
 14827 | D:11     | 14827 ||| FLEEEEING.
 15246 | D:11     | 15246 ||| INVOKING Heroism.
 15248 | D:11     | 15248 ||| INVOKING Finesse.
 15287 | D:11     | Reached XP level 15. HP: 139/139 MP: 16/21
 15333 | D:11     | 15333 ||| INVOKING Heroism.
 15334 | D:11     | 15334 ||| Stepping ~*~*~tactically~*~*~ (outnumbered).
 15355 | D:11     | Reached skill level 15 in Fighting
 15397 | D:11     | Identified the staff "Ducith" {rElec Dex+4 Air}
 15441 | D:11     | Identified the ring "Micsar" {rElec rF+ Str+4 Dex-3 SInv}
 15820 | D:11     | 15820 ||| PLANNING D
 15820 | D:11     | 15820 ||| READING 2 scrolls of identify.
 15820 | D:11     | 15820 ||| IDENTIFYING bubbling ruby potion
 15821 | D:11     | 15821 ||| DROPPING potion of attraction.
 16305 | D:12     | 16305 ||| Stepping ~*~*~tactically~*~*~ (outnumbered).
 16360 | D:12     | 16360 ||| DROPPING ring of magical power.
 16361 | D:12     | 16361 ||| READING scroll labelled VUMNIAL MEUPS.
 16598 | D:13     | Identified the +5 chain mail of the Known World {Will+
                  | Int+2} (Okawaru gifted it to you on level 13 of the
                  | Dungeon)
 16598 | D:13     | Received a gift from Okawaru
 16613 | D:13     | Found a gate to the Vaults.
 16638 | D:13     | Reached skill level 12 in Dodging
 16760 | D:13     | 16760 ||| READING scroll of enchant weapon.
 16760 | D:13     | 16760 ||| ENCHANTING +3 longbow of flaming.
 16978 | D:13     | 16978 ||| UPGRADING to +2 pair of boots of flying.
 16988 | D:13     | 16988 ||| DROPPING +2 pair of boots.
 17193 | D:14     | 17193 ||| INVOKING Heroism.
 17444 | D:14     | 17444 ||| Stepping ~*~*~tactically~*~*~ (outnumbered).
 17446 | D:14     | 17446 ||| Stepping ~*~*~tactically~*~*~ (outnumbered).
 17450 | D:14     | Reached skill level 16 in Fighting
 17555 | D:14     | 17555 ||| FLEEEEING.
 17556 | D:14     | 17556 ||| FLEEEEING.
 17557 | D:14     | 17557 ||| FLEEEEING.
 17558 | D:14     | 17558 ||| FLEEEEING.
 17561 | D:14     | Reached skill level 9 in Armour
 17561 | D:14     | 17561 ||| FLEEEEING.
 17562 | D:14     | 17562 ||| FLEEEEING.
 17563 | D:14     | 17563 ||| FLEEEEING.
 17564 | D:14     | 17564 ||| FLEEEEING.
 17565 | D:14     | 17565 ||| FLEEEEING.
 17566 | D:14     | 17566 ||| FLEEEEING.
 17567 | D:14     | 17567 ||| FLEEEEING.
 17568 | D:14     | 17568 ||| FLEEEEING.
 17569 | D:14     | 17569 ||| FLEEEEING.
 17570 | D:14     | 17570 ||| FLEEEEING.
 17572 | D:14     | 17572 ||| FLEEEEING.
 17855 | D:14     | Found a stormy altar of Qazlal.
 17953 | D:15     | Entered Level 15 of the Dungeon
 17954 | D:15     | 17954 ||| INVOKING Heroism.
 18083 | D:15     | Found a shadowy altar of Dithmenos.
 18203 | D:15     | 18203 ||| Stepping ~*~*~tactically~*~*~ (outnumbered).
 18211 | D:15     | Reached ****** piety under Okawaru
 18218 | D:15     | Received a gift from Okawaru
 18260 | D:15     | Found a staircase to the Depths.
 18343 | D:15     | 18343 ||| INVOKING Heroism.
 18353 | D:15     | Reached skill level 17 in Fighting
 18731 | D:15     | 18731 ||| PLANNING ORC
 18731 | D:15     | 18731 ||| DROPPING ring of ice.
 18827 | Orc:1    | Entered Level 1 of the Orcish Mines
 18843 | Orc:1    | Found Aregi's Jewellery Shoppe.
 18855 | Orc:1    | 18855 ||| BUYING amulet of faith (720 gold).
 18855 | Orc:1    | Bought an amulet of faith for 720 gold pieces
 18855 | Orc:1    | 18855 ||| SHOPLISTING amulet of reflection (540 gold, have
                  | 332).
 18905 | Orc:1    | Found Riloeffo's Magic Scroll Emporium.
 18922 | Orc:1    | 18922 ||| BUYING scroll of brand weapon (161 gold).
 18922 | Orc:1    | Bought a scroll of brand weapon for 161 gold pieces
 18922 | Orc:1    | 18922 ||| BUYING scroll of identify (34 gold).
 18922 | Orc:1    | Bought a scroll of identify for 34 gold pieces
 18922 | Orc:1    | 18922 ||| BUYING scroll of identify (34 gold).
 18922 | Orc:1    | Bought a scroll of identify for 34 gold pieces
 18924 | Orc:1    | 18924 ||| READING scroll of brand weapon.
 18924 | Orc:1    | 18924 ||| BRANDING +4 longbow of flaming.
 18930 | Orc:1    | Found Faraoroh's Book Shop.
 18978 | Orc:1    | 18978 ||| INVOKING Heroism.
 18979 | Orc:1    | 18979 ||| INVOKING Finesse.
 19032 | Orc:1    | Paralysed by an orc sorcerer for 4 turns
 19037 | Orc:1    | 19037 ||| INVOKING Heroism.
 19158 | Orc:1    | Found a radiant altar of Vehumet.
 19214 | Orc:1    | 19214 ||| UPGRADING to amulet of faith.
 19246 | Orc:2    | Entered Level 2 of the Orcish Mines
 19262 | Orc:2    | 19262 ||| Stepping ~*~*~tactically~*~*~ (outnumbered).
 19263 | Orc:2    | 19263 ||| Stepping ~*~*~tactically~*~*~ (outnumbered).
 19275 | Orc:2    | 19275 ||| Stepping ~*~*~tactically~*~*~ (outnumbered).
 19276 | Orc:2    | 19276 ||| Stepping ~*~*~tactically~*~*~ (outnumbered).
 19289 | Orc:2    | 19289 ||| FLEEEEING.
 19290 | Orc:2    | 19290 ||| FLEEEEING.
 19291 | Orc:2    | 19291 ||| FLEEEEING.
 19292 | Orc:2    | 19292 ||| FLEEEEING.
 19297 | Orc:2    | 19297 ||| STAIRDANCE
 19364 | Orc:2    | 19364 ||| INVOKING Heroism.
 19387 | Orc:2    | Found a frozen archway.
 19432 | Orc:2    | 19432 ||| Stepping ~*~*~tactically~*~*~ (outnumbered).
 19435 | Orc:2    | 19435 ||| INVOKING Heroism.
 19441 | Orc:2    | 19441 ||| Stepping ~*~*~tactically~*~*~ (outnumbered).
 19458 | Orc:2    | Reached XP level 16. HP: 110/155 MP: 22/22
 19554 | Orc:2    | 19554 ||| INVOKING Heroism.
 19589 | Orc:2    | Found Tetudi's General Store.
 19589 | Orc:2    | Found Oleumu's General Store.
 19595 | Orc:2    | 19595 ||| BUYING +0 pair of gloves of Polish {Harm +Inv
                  | Regen+ Stlth+} (298 gold).
 19595 | Orc:2    | Bought the +0 pair of gloves of Polish {Harm +Inv Regen+
                  | Stlth+} for 298 gold pieces
 19595 | Orc:2    | 19595 ||| SHOPLISTING potion of haste (140 gold, have 88).
 19595 | Orc:2    | 19595 ||| SHOPLISTING wand of digging (7) (411 gold, have
                  | 88).
 19753 | Orc:2    | 19753 ||| INVOKING Heroism.
 19758 | Orc:2    | 19758 ||| Stepping ~*~*~tactically~*~*~ (outnumbered).
 19869 | Orc:2    | Found Zarag's Assorted Antiques.
 19869 | Orc:2    | Found Uno Ypofuep's General Store.
 19875 | Orc:2    | 19875 ||| SHOPLISTING 2 potions of heal wounds (340 gold,
                  | have 183).
 19875 | Orc:2    | 19875 ||| SHOPLISTING potion of haste (340 gold, have 183).
 19875 | Orc:2    | 19875 ||| SHOPLISTING scroll of enchant armour (255 gold,
                  | have 183).
 19875 | Orc:2    | 19875 ||| BUYING scroll of identify (68 gold).
 19875 | Orc:2    | Bought a scroll of identify for 68 gold pieces
 19875 | Orc:2    | 19875 ||| BUYING scroll of teleportation (102 gold).
 19875 | Orc:2    | Bought a scroll of teleportation for 102 gold pieces
 19884 | Orc:2    | 19884 ||| SHOPLISTING scroll of enchant armour (105 gold,
                  | have 13).
 19976 | Orc:2    | 19976 ||| FLEEEEING.
 19977 | Orc:2    | 19977 ||| FLEEEEING.
 19978 | Orc:2    | 19978 ||| FLEEEEING.
 19979 | Orc:2    | 19979 ||| FLEEEEING.
 19980 | Orc:2    | 19980 ||| FLEEEEING.
 19981 | Orc:2    | 19981 ||| FLEEEEING.
 19982 | Orc:2    | 19982 ||| FLEEEEING.
 19994 | Orc:2    | 19994 ||| FLEEEEING.
 19995 | Orc:2    | 19995 ||| FLEEEEING.
 20000 | Orc:2    | 20000 ||| FLEEEEING.
 20001 | Orc:2    | 20001 ||| FLEEEEING.
 20002 | Orc:2    | 20002 ||| FLEEEEING.
 20003 | Orc:2    | 20003 ||| FLEEEEING.
 20004 | Orc:2    | 20004 ||| FLEEEEING.
 20127 | Orc:1    | Found Neskol's Gadget Gallery.
 20140 | Orc:1    | 20140 ||| SHOPLISTING wand of digging (2) (92 gold, have
                  | 83).
 20212 | Orc:2    | Found a staircase to the Elven Halls.
 20237 | Orc:2    | 20237 ||| INVOKING Heroism.
 20358 | Orc:2    | Identified the +1 hat of Ashenzari's Generosity {rElec rC-
                  | rN+ Int+2}
 20458 | Orc:2    | Found Faeqiuh's Antique Weapon Shop.
 20497 | Orc:2    | 20497 ||| PLANNING SPIDER:1-3
 20497 | Orc:2    | 20497 ||| DROPPING +1 hat.
 20498 | Orc:2    | 20498 ||| DROPPING +1 hat of intelligence.
 20619 | Spider:1 | Entered Level 1 of the Spider Nest
 20698 | Spider:1 | 20698 ||| READING 2 scrolls of enchant weapon.
 20698 | Spider:1 | 20698 ||| ENCHANTING +4 longbow of freezing.
 20699 | Spider:1 | 20699 ||| READING scroll of enchant weapon.
 20699 | Spider:1 | 20699 ||| ENCHANTING +5 longbow of freezing.
 20701 | Spider:1 | 20701 ||| Stepping ~*~*~tactically~*~*~ (outnumbered).
 20835 | Spider:1 | 20835 ||| INVOKING Heroism.
 21060 | Spider:1 | Reached skill level 18 in Fighting
 21478 | Spider:1 | 21478 ||| INVOKING Heroism.
 21619 | Spider:1 | Received a gift from Okawaru
 21621 | Spider:1 | 21621 ||| DROPPING +3 longbow of draining.
 21629 | Spider:1 | 21629 ||| FLEEEEING.
 21630 | Spider:1 | 21630 ||| FLEEEEING.
 21631 | Spider:1 | 21631 ||| FLEEEEING.
 21632 | Spider:1 | 21632 ||| FLEEEEING.
 21633 | Spider:1 | 21633 ||| FLEEEEING.
 21634 | Spider:1 | 21634 ||| FLEEEEING.
 21635 | Spider:1 | 21635 ||| FLEEEEING.
 21636 | Spider:1 | 21636 ||| FLEEEEING.
 21637 | Spider:1 | 21637 ||| FLEEEEING.
 21638 | Spider:1 | 21638 ||| FLEEEEING.
 21639 | Spider:1 | 21639 ||| FLEEEEING.
 21640 | Spider:1 | 21640 ||| FLEEEEING.
 21714 | Spider:1 | 21714 ||| INVOKING Heroism.
 21737 | Spider:1 | 21737 ||| INVOKING Finesse.
 21776 | Spider:1 | 21776 ||| INVOKING Heroism.
 21785 | Spider:1 | Reached skill level 15 in Dodging
 21825 | Spider:1 | 21825 ||| INVOKING Finesse.
 21834 | Spider:1 | 21834 ||| INVOKING Heroism.
 22061 | Spider:2 | 22061 ||| INVOKING Heroism.
 22163 | Spider:2 | 22163 ||| DRINKING 6 potions of curing.
 22163 | Spider:2 | 22163 ||| (to cure confusion)
 22280 | Spider:2 | Reached skill level 19 in Fighting
 22305 | Spider:2 | Noticed Aizul
 22306 | Spider:2 | 22306 ||| INVOKING Heroism.
 22307 | Spider:2 | 22307 ||| INVOKING Finesse.
 22318 | Spider:2 | Killed Aizul
 22430 | Spider:2 | Identified Roxanne's Elucidation of Metamorphosis
 22430 | Spider:2 | Noticed Roxanne
 22431 | Spider:2 | 22431 ||| INVOKING Heroism.
 22446 | Spider:2 | 22446 ||| INVOKING Finesse.
 22453 | Spider:2 | Killed Roxanne
 22659 | Spider:2 | 22659 ||| INVOKING Finesse.
 23017 | Spider:2 | 23017 ||| FLEEEEING.
 23018 | Spider:2 | 23018 ||| FLEEEEING.
 23019 | Spider:2 | 23019 ||| FLEEEEING.
 23020 | Spider:2 | 23020 ||| FLEEEEING.
 23021 | Spider:2 | 23021 ||| FLEEEEING.
 23022 | Spider:2 | 23022 ||| FLEEEEING.
 23023 | Spider:2 | 23023 ||| FLEEEEING.
 23024 | Spider:2 | 23024 ||| FLEEEEING.
 23301 | Spider:2 | 23301 ||| Stepping ~*~*~tactically~*~*~ (outnumbered).
 23319 | Spider:2 | 23319 ||| READING 3 scrolls of enchant armour.
 23319 | Spider:2 | 23319 ||| ENCHANTING +1 pair of gloves.
 23650 | Spider:2 | 23650 ||| READING 7 scrolls of identify.
 23650 | Spider:2 | 23650 ||| IDENTIFYING ruby potion
 23767 | Spider:3 | Noticed Agnes
 23768 | Spider:3 | 23768 ||| INVOKING Heroism.
 23769 | Spider:3 | 23769 ||| INVOKING Finesse.
 23775 | Spider:3 | Killed Agnes
 23937 | Spider:3 | Reached XP level 17. HP: 168/168 MP: 23/23
 23954 | Spider:3 | 23954 ||| INVOKING Finesse.
 24103 | Spider:3 | 24103 ||| FLEEEEING.
 24104 | Spider:3 | 24104 ||| FLEEEEING.
 24105 | Spider:3 | 24105 ||| FLEEEEING.
 24106 | Spider:3 | 24106 ||| FLEEEEING.
 24110 | Spider:3 | 24110 ||| FLEEEEING.
 24420 | Spider:3 | 24420 ||| PLANNING SWAMP:1-3
 24551 | Swamp:1  | Entered Level 1 of the Swamp
 24650 | Swamp:1  | Identified the +0 chain mail of Utematasic {Regen+ Int-2
                  | Dex+6}
 24687 | Swamp:1  | 24687 ||| INVOKING Heroism.
 24834 | Swamp:1  | 24834 ||| INVOKING Heroism.
 24876 | Swamp:1  | Reached skill level 20 in Fighting
 24934 | Swamp:1  | 24934 ||| INVOKING Heroism.
 25299 | Swamp:2  | 25299 ||| INVOKING Heroism.
 25361 | Swamp:2  | 25361 ||| INVOKING Heroism.
 25369 | Swamp:2  | Identified the +1 animal skin of Tazul {rPois rC- Int+4
                  | Stlth+} (Okawaru gifted it to you on level 2 of the Swamp)
 25369 | Swamp:2  | Received a gift from Okawaru
 25526 | Swamp:2  | 25526 ||| INVOKING Heroism.
 25706 | Swamp:2  | 25706 ||| READING scroll of enchant weapon.
 25706 | Swamp:2  | 25706 ||| ENCHANTING +6 longbow of freezing.
 25809 | Swamp:2  | 25809 ||| READING 9 scrolls of identify.
 25809 | Swamp:2  | 25809 ||| IDENTIFYING lumpy brown potion
 25862 | Swamp:3  | 25862 ||| STAIRDANCE
 25864 | Swamp:2  | 25864 ||| INVOKING Heroism.
 26145 | Swamp:3  | 26145 ||| STAIRDANCE
 26149 | Swamp:2  | HP: 42/170 [poisoned by a swamp dragon (poison gas)]
 26154 | Swamp:2  | HP: 39/170 [poisoned by a swamp dragon (poison gas)]
 26433 | Swamp:3  | 26433 ||| Stepping ~*~*~tactically~*~*~ (cloud).
 26442 | Swamp:3  | 26442 ||| DRINKING 6 potions of curing.
 26442 | Swamp:3  | 26442 ||| (to cure confusion)
 26444 | Swamp:3  | 26444 ||| INVOKING Heroism.
 26643 | Swamp:3  | Noticed a tentacled monstrosity
 26644 | Swamp:3  | 26644 ||| INVOKING Heroism.
 26645 | Swamp:3  | 26645 ||| INVOKING Finesse.
 26652 | Swamp:3  | Killed a tentacled monstrosity
 26676 | Swamp:3  | 26676 ||| Stepping ~*~*~tactically~*~*~ (cloud).
 26820 | Swamp:3  | Noticed Louise
 26833 | Swamp:3  | Killed Louise
 26835 | Swamp:3  | 26835 ||| INVOKING Heroism.
 26873 | Swamp:3  | 26873 ||| Stepping ~*~*~tactically~*~*~ (outnumbered).
 26925 | Swamp:3  | Reached skill level 21 in Fighting
 27324 | Swamp:3  | 27324 ||| PLANNING SPIDER:4
 27324 | Swamp:3  | 27324 ||| DROPPING +0 cloak.
 27502 | Spider:4 | Entered Level 4 of the Spider Nest
 27630 | Spider:4 | 27630 ||| INVOKING Finesse.
 27636 | Spider:4 | 27636 ||| Stepping ~*~*~tactically~*~*~ (outnumbered).
 27668 | Spider:4 | Reached skill level 12 in Armour
 27675 | Spider:4 | Identified the +10 triple crossbow of Triumph {freeze,
                  | Fragile rCorr Str+3} (Okawaru gifted it to you on level 4
                  | of the Spider Nest)
 27675 | Spider:4 | Received a gift from Okawaru
 27704 | Spider:4 | 27704 ||| SWAPPING to +10 triple crossbow of Triumph
                  | {freeze, Fragile rCorr Str+3}.
 27705 | Spider:4 | 27705 ||| DROPPING +7 longbow of freezing.
 27758 | Spider:4 | 27758 ||| INVOKING Heroism.
 27764 | Spider:4 | 27764 ||| DRINKING 5 potions of curing.
 27764 | Spider:4 | 27764 ||| (to cure confusion)
 27807 | Spider:4 | 27807 ||| INVOKING Heroism.
 27814 | Spider:4 | 27814 ||| INVOKING Finesse.
 28035 | Spider:4 | Got a gossamer rune of Zot
 28122 | Spider:4 | Reached XP level 18. HP: 182/182 MP: 24/24
 28247 | Spider:4 | 28247 ||| INVOKING Finesse.
 28281 | Spider:4 | 28281 ||| INVOKING Heroism.
 28290 | Spider:4 | Reached skill level 21 in Ranged Weapons
 28466 | Spider:4 | Identified the +5 falchion "Mel Dac" {flame, Will++}
 28589 | Spider:4 | 28589 ||| PLANNING VAULTS:1-4
 28589 | Spider:4 | 28589 ||| DROPPING scarf of harm.
 28590 | Spider:4 | 28590 ||| DROPPING scarf of repulsion.
 28789 | Vaults:1 | Entered Level 1 of the Vaults
 28830 | Vaults:1 | 28830 ||| Stepping ~*~*~tactically~*~*~ (outnumbered).
 28838 | Vaults:1 | 28838 ||| INVOKING Heroism.
 28844 | Vaults:1 | Identified the +1 hand crossbow "Riamon" {penet, Contam
                  | rF++ rCorr SInv} (Okawaru gifted it to you on level 1 of
                  | the Vaults)
 28844 | Vaults:1 | Received a gift from Okawaru
 29046 | Vaults:1 | 29046 ||| INVOKING Heroism.
 29047 | Vaults:1 | 29047 ||| INVOKING Finesse.
 29167 | Vaults:1 | 29167 ||| INVOKING Heroism.
 29168 | Vaults:1 | 29168 ||| INVOKING Finesse.
 29271 | Vaults:1 | 29271 ||| INVOKING Heroism.
 29519 | Vaults:1 | 29519 ||| INVOKING Heroism.
 29619 | Vaults:1 | 29619 ||| INVOKING Heroism.
 29620 | Vaults:1 | 29620 ||| INVOKING Finesse.
 29621 | Vaults:1 | 29621 ||| DRINKING 4 potions of curing.
 29621 | Vaults:1 | 29621 ||| (to cure confusion)
 29622 | Vaults:1 | 29622 ||| Stepping ~*~*~tactically~*~*~ (outnumbered).
 29888 | Vaults:1 | 29888 ||| INVOKING Heroism.
 29889 | Vaults:1 | 29889 ||| Stepping ~*~*~tactically~*~*~ (outnumbered).
 29890 | Vaults:1 | 29890 ||| Stepping ~*~*~tactically~*~*~ (outnumbered).
 29912 | Vaults:1 | Reached skill level 18 in Dodging
 29912 | Vaults:1 | 29912 ||| INVOKING Finesse.
 30254 | Vaults:1 | 30254 ||| DROPPING ring of willpower.
 30501 | Vaults:2 | 30501 ||| FLEEEEING.
 30505 | Vaults:2 | 30505 ||| FLEEEEING.
 30506 | Vaults:2 | 30506 ||| FLEEEEING.
 30507 | Vaults:2 | 30507 ||| FLEEEEING.
 30508 | Vaults:2 | 30508 ||| FLEEEEING.
 30510 | Vaults:2 | 30510 ||| FLEEEEING.
 30517 | Vaults:2 | Reached skill level 22 in Fighting
 30716 | Vaults:2 | Identified the +6 flail of Miniodeh {freeze, Dex+3}
 30942 | Vaults:2 | Paralysed by a great orb of eyes for 3 turns
 30945 | Vaults:2 | Received a gift from Okawaru
 31160 | Vaults:2 | 31160 ||| Stepping ~*~*~tactically~*~*~ (outnumbered).
 31172 | Vaults:2 | 31172 ||| Stepping ~*~*~tactically~*~*~ (outnumbered).
 31180 | Vaults:2 | Reached XP level 19. HP: 160/191 MP: 25/25
 31254 | Vaults:2 | 31254 ||| FLEEEEING.
 31255 | Vaults:2 | 31255 ||| FLEEEEING.
 31256 | Vaults:2 | 31256 ||| FLEEEEING.
 31257 | Vaults:2 | 31257 ||| FLEEEEING.
 31258 | Vaults:2 | 31258 ||| FLEEEEING.
 31259 | Vaults:2 | 31259 ||| FLEEEEING.
 31260 | Vaults:2 | 31260 ||| FLEEEEING.
 31261 | Vaults:2 | 31261 ||| FLEEEEING.
 31262 | Vaults:2 | 31262 ||| FLEEEEING.
 31263 | Vaults:2 | 31263 ||| FLEEEEING.
 31264 | Vaults:2 | 31264 ||| FLEEEEING.
 31272 | Vaults:2 | 31272 ||| FLEEEEING.
 31273 | Vaults:2 | 31273 ||| FLEEEEING.
 31274 | Vaults:2 | 31274 ||| FLEEEEING.
 31275 | Vaults:2 | 31275 ||| FLEEEEING.
 31276 | Vaults:2 | 31276 ||| FLEEEEING.
 31277 | Vaults:2 | 31277 ||| FLEEEEING.
 31278 | Vaults:2 | 31278 ||| FLEEEEING.
 31279 | Vaults:2 | 31279 ||| FLEEEEING.
 31280 | Vaults:2 | 31280 ||| FLEEEEING.
 31281 | Vaults:2 | 31281 ||| FLEEEEING.
 31282 | Vaults:2 | 31282 ||| FLEEEEING.
 31309 | Vaults:2 | Identified the +2 triple crossbow of Sudden Death {drain,
                  | rElec rF++ Str-4} (Okawaru gifted it to you on level 2 of
                  | the Vaults)
 31309 | Vaults:2 | Received a gift from Okawaru
 31390 | Vaults:2 | Found a staircase to the Crypt.
 31422 | Vaults:2 | 31422 ||| FLEEEEING.
 31426 | Vaults:2 | 31426 ||| Stepping ~*~*~tactically~*~*~ (outnumbered).
 31431 | Vaults:2 | 31431 ||| Stepping ~*~*~tactically~*~*~ (outnumbered).
 31433 | Vaults:2 | Paralysed by a formless jellyfish for 1 turns
 31435 | Vaults:2 | 31435 ||| INVOKING Heroism.
 31899 | Vaults:2 | 31899 ||| INVOKING Heroism.
 31900 | Vaults:2 | 31900 ||| INVOKING Finesse.
 31924 | Vaults:2 | Reached skill level 23 in Fighting
 32228 | Vaults:3 | 32228 ||| INVOKING Heroism.
 32229 | Vaults:3 | 32229 ||| INVOKING Finesse.
 32442 | Vaults:3 | Received a gift from Okawaru
 32578 | Vaults:3 | 32578 ||| INVOKING Heroism.
 32579 | Vaults:3 | 32579 ||| INVOKING Finesse.
 32586 | Vaults:3 | Received a gift from Okawaru
 32769 | Vaults:3 | 32769 ||| FLEEEEING.
 32770 | Vaults:3 | 32770 ||| FLEEEEING.
 32771 | Vaults:3 | 32771 ||| FLEEEEING.
 32772 | Vaults:3 | 32772 ||| FLEEEEING.
 32773 | Vaults:3 | 32773 ||| FLEEEEING.
 32774 | Vaults:3 | 32774 ||| FLEEEEING.
 32775 | Vaults:3 | 32775 ||| FLEEEEING.
 32776 | Vaults:3 | 32776 ||| FLEEEEING.
 32777 | Vaults:3 | 32777 ||| FLEEEEING.
 32778 | Vaults:3 | 32778 ||| FLEEEEING.
 32779 | Vaults:3 | 32779 ||| FLEEEEING.
 32780 | Vaults:3 | 32780 ||| FLEEEEING.
 32781 | Vaults:3 | 32781 ||| FLEEEEING.
 32782 | Vaults:3 | 32782 ||| FLEEEEING.
 32783 | Vaults:3 | 32783 ||| FLEEEEING.
 32784 | Vaults:3 | 32784 ||| FLEEEEING.
 32785 | Vaults:3 | 32785 ||| FLEEEEING.
 32786 | Vaults:3 | 32786 ||| FLEEEEING.
 32787 | Vaults:3 | 32787 ||| FLEEEEING.
 32788 | Vaults:3 | 32788 ||| FLEEEEING.
 32854 | Vaults:3 | 32854 ||| FLEEEEING.
 32980 | Vaults:3 | 32980 ||| INVOKING Heroism.
 32981 | Vaults:3 | 32981 ||| INVOKING Finesse.
 33004 | Vaults:3 | Received a gift from Okawaru
 33027 | Vaults:3 | 33027 ||| DROPPING +0 heavy triple crossbow.
 33112 | Vaults:3 | 33112 ||| INVOKING Heroism.
 33113 | Vaults:3 | 33113 ||| INVOKING Finesse.
 33325 | Vaults:3 | You are sucked into a shaft and drop 1 floor!
 33383 | Vaults:4 | 33383 ||| Stepping ~*~*~tactically~*~*~ (outnumbered).
 33387 | Vaults:4 | 33387 ||| Stepping ~*~*~tactically~*~*~ (outnumbered).
 33405 | Vaults:4 | 33405 ||| INVOKING Heroism.
 33559 | Vaults:4 | Paralysed by a formless jellyfish for 1 turns
 33561 | Vaults:4 | 33561 ||| Stepping ~*~*~tactically~*~*~ (outnumbered).
 33563 | Vaults:4 | 33563 ||| INVOKING Heroism.
 33564 | Vaults:4 | Identified the +6 plate armour of Understanding {rElec
                  | Int-3 Dex+4} (Okawaru gifted it to you on level 4 of the
                  | Vaults)
 33564 | Vaults:4 | Received a gift from Okawaru
 33577 | Vaults:4 | Reached skill level 24 in Fighting
 33767 | Vaults:4 | 33767 ||| Stepping ~*~*~tactically~*~*~ (outnumbered).
 33769 | Vaults:4 | 33769 ||| INVOKING Heroism.
 33771 | Vaults:4 | 33771 ||| INVOKING Finesse.
 33772 | Vaults:4 | 33772 ||| Stepping ~*~*~tactically~*~*~ (outnumbered).
 33780 | Vaults:4 | Reached XP level 20. HP: 206/206 MP: 19/26
 33858 | Vaults:4 | Found Huzecheu's Antique Weapon Shoppe.
 34174 | Vaults:4 | Noticed Sojobo
 34175 | Vaults:4 | 34175 ||| INVOKING Heroism.
 34176 | Vaults:4 | 34176 ||| INVOKING Finesse.
 34177 | Vaults:4 | 34177 ||| Stepping ~*~*~tactically~*~*~ (outnumbered).
 34197 | Vaults:4 | 34197 ||| INVOKING Heroism.
 34206 | Vaults:4 | Killed Sojobo
 34210 | Vaults:4 | Reached skill level 21 in Dodging
 34441 | Vaults:4 | 34441 ||| INVOKING Heroism.
 34479 | Vaults:4 | 34479 ||| INVOKING Heroism.
 34800 | Vaults:3 | 34800 ||| INVOKING Heroism.
 35015 | Vaults:3 | 35015 ||| Stepping ~*~*~tactically~*~*~ (outnumbered).
 35065 | Vaults:3 | 35065 ||| INVOKING Finesse.
 35196 | Vaults:3 | 35196 ||| READING scroll labelled LAKIFEIRER.
 35520 | Vaults:4 | Identified the +10 orcbow of Okawaru's Benevolence {drain,
                  | rElec Int+4} (Okawaru gifted it to you on level 4 of the
                  | Vaults)
 35520 | Vaults:4 | Received a gift from Okawaru
 35603 | Vaults:4 | 35603 ||| PLANNING SWAMP:4
 35847 | Swamp:4  | Entered Level 4 of the Swamp
 35854 | Swamp:4  | Reached skill level 25 in Fighting
 35905 | Swamp:4  | 35905 ||| FLEEEEING.
 35907 | Swamp:4  | 35907 ||| FLEEEEING.
 35908 | Swamp:4  | 35908 ||| FLEEEEING.
 35909 | Swamp:4  | 35909 ||| FLEEEEING.
 35913 | Swamp:4  | 35913 ||| FLEEEEING.
 35914 | Swamp:4  | 35914 ||| FLEEEEING.
 35915 | Swamp:4  | 35915 ||| FLEEEEING.
 35916 | Swamp:4  | 35916 ||| STAIRDANCE
 36071 | Swamp:4  | 36071 ||| Stepping ~*~*~tactically~*~*~ (cloud).
 36093 | Swamp:4  | 36093 ||| Stepping ~*~*~tactically~*~*~ (cloud).
 36097 | Swamp:4  | 36097 ||| Stepping ~*~*~tactically~*~*~ (cloud).
 36558 | Swamp:4  | 36558 ||| Stepping ~*~*~tactically~*~*~ (cloud).
 36559 | Swamp:4  | 36559 ||| FLEEEEING.
 36560 | Swamp:4  | 36560 ||| FLEEEEING.
 36561 | Swamp:4  | Received a gift from Okawaru
 36606 | Swamp:4  | 36606 ||| FLEEEEING.
 36723 | Swamp:4  | 36723 ||| Stepping ~*~*~tactically~*~*~ (cloud).
 36732 | Swamp:4  | 36732 ||| Stepping ~*~*~tactically~*~*~ (cloud).
 36739 | Swamp:4  | 36739 ||| Stepping ~*~*~tactically~*~*~ (cloud).
 36752 | Swamp:4  | 36752 ||| FLEEEEING.
 36753 | Swamp:4  | 36753 ||| FLEEEEING.
 36813 | Swamp:4  | 36813 ||| FLEEEEING.
 36814 | Swamp:4  | 36814 ||| FLEEEEING.
 36815 | Swamp:4  | 36815 ||| FLEEEEING.
 36816 | Swamp:4  | 36816 ||| FLEEEEING.
 36817 | Swamp:4  | 36817 ||| FLEEEEING.
 36818 | Swamp:4  | 36818 ||| FLEEEEING.
 36819 | Swamp:4  | 36819 ||| FLEEEEING.
 36820 | Swamp:4  | 36820 ||| FLEEEEING.
 36821 | Swamp:4  | 36821 ||| FLEEEEING.
 36827 | Swamp:4  | 36827 ||| FLEEEEING.
 36894 | Swamp:4  | 36894 ||| Stepping ~*~*~tactically~*~*~ (cloud).
 36902 | Swamp:4  | 36902 ||| Stepping ~*~*~tactically~*~*~ (cloud).
 36904 | Swamp:4  | 36904 ||| Stepping ~*~*~tactically~*~*~ (cloud).
 36906 | Swamp:4  | 36906 ||| INVOKING Heroism.
 36924 | Swamp:4  | 36924 ||| INVOKING Heroism.
 37172 | Swamp:4  | Noticed a bone dragon
 37183 | Swamp:4  | Killed a bone dragon
 37378 | Swamp:4  | 37378 ||| Waiting for clouds to move.
 37379 | Swamp:4  | 37379 ||| Waiting for clouds to move.
 37385 | Swamp:4  | 37385 ||| Waiting for clouds to move.
 37386 | Swamp:4  | 37386 ||| Waiting for clouds to move.
 37387 | Swamp:4  | 37387 ||| Waiting for clouds to move.
 37389 | Swamp:4  | 37389 ||| Stepping ~*~*~tactically~*~*~ (cloud).
 37454 | Swamp:4  | 37454 ||| Waiting for clouds to move.
 37455 | Swamp:4  | 37455 ||| Waiting for clouds to move.
 37457 | Swamp:4  | Got a decaying rune of Zot
 37458 | Swamp:4  | 37458 ||| PLANNING DEPTHS
 37473 | Swamp:4  | 37473 ||| Stepping ~*~*~tactically~*~*~ (cloud).
 37479 | Swamp:4  | 37479 ||| Stepping ~*~*~tactically~*~*~ (cloud).
 37493 | Swamp:4  | 37493 ||| Stepping ~*~*~tactically~*~*~ (cloud).
 37730 | Swamp:4  | 37730 ||| PLANNING SWAMP:4
 37730 | Swamp:4  | 37730 ||| PLANNING DEPTHS
 38026 | Depths:1 | Entered Level 1 of the Depths
 38169 | Depths:1 | 38169 ||| INVOKING Finesse.
 38214 | Depths:1 | 38214 ||| INVOKING Heroism.
 38215 | Depths:1 | 38215 ||| INVOKING Finesse.
 38303 | Depths:1 | Found a gateway to Hell.
 38351 | Depths:1 | Found a one-way gate to the infinite horrors of the Abyss.
 38639 | Depths:1 | Found an ornate altar of the Wu Jian Council.
 38723 | Depths:1 | 38723 ||| Stepping ~*~*~tactically~*~*~ (outnumbered).
 38725 | Depths:1 | 38725 ||| Stepping ~*~*~tactically~*~*~ (outnumbered).
 38727 | Depths:1 | 38727 ||| Stepping ~*~*~tactically~*~*~ (outnumbered).
 38738 | Depths:1 | 38738 ||| FLEEEEING.
 38739 | Depths:1 | 38739 ||| FLEEEEING.
 38740 | Depths:1 | 38740 ||| FLEEEEING.
 38741 | Depths:1 | 38741 ||| FLEEEEING.
 38742 | Depths:1 | 38742 ||| FLEEEEING.
 38743 | Depths:1 | 38743 ||| FLEEEEING.
 38744 | Depths:1 | 38744 ||| FLEEEEING.
 38747 | Depths:1 | 38747 ||| FLEEEEING.
 38748 | Depths:1 | 38748 ||| FLEEEEING.
 38749 | Depths:1 | 38749 ||| FLEEEEING.
 38750 | Depths:1 | 38750 ||| FLEEEEING.
 38751 | Depths:1 | 38751 ||| FLEEEEING.
 38752 | Depths:1 | 38752 ||| FLEEEEING.
 38753 | Depths:1 | 38753 ||| FLEEEEING.
 38754 | Depths:1 | 38754 ||| FLEEEEING.
 38755 | Depths:1 | 38755 ||| FLEEEEING.
 39001 | Depths:1 | 39001 ||| INVOKING Heroism.
 39002 | Depths:1 | 39002 ||| INVOKING Finesse.
 39080 | Depths:1 | Found a one-way gate leading to the halls of Pandemonium.
 39130 | Depths:1 | Found Ytoigola's Assorted Antiques.
 39141 | Depths:1 | 39141 ||| BUYING potion of might (84 gold).
 39141 | Depths:1 | Bought a potion of might for 84 gold pieces
 39213 | Depths:2 | 39213 ||| INVOKING Heroism.
 39335 | Depths:2 | 39335 ||| INVOKING Heroism.
 39496 | Depths:2 | Identified the ring "Taink" {Ice Str+2 Dex+2 SInv}
 39496 | Depths:2 | Noticed Josephina
 39497 | Depths:2 | 39497 ||| INVOKING Heroism.
 39504 | Depths:2 | Killed Josephina
 39505 | Depths:2 | Reached XP level 21. HP: 129/218 MP: 25/27
 39738 | Depths:2 | 39738 ||| INVOKING Heroism.
 39739 | Depths:2 | 39739 ||| INVOKING Finesse.
 39807 | Depths:2 | 39807 ||| FLEEEEING.
 39808 | Depths:2 | 39808 ||| FLEEEEING.
 39809 | Depths:2 | 39809 ||| FLEEEEING.
 39810 | Depths:2 | 39810 ||| FLEEEEING.
 39811 | Depths:2 | 39811 ||| FLEEEEING.
 39812 | Depths:2 | 39812 ||| FLEEEEING.
 39813 | Depths:2 | 39813 ||| FLEEEEING.
 39814 | Depths:2 | 39814 ||| FLEEEEING.
 39815 | Depths:2 | 39815 ||| FLEEEEING.
 39817 | Depths:2 | 39817 ||| FLEEEEING.
 39818 | Depths:2 | 39818 ||| FLEEEEING.
 39819 | Depths:2 | 39819 ||| FLEEEEING.
 39820 | Depths:2 | 39820 ||| FLEEEEING.
 39821 | Depths:2 | 39821 ||| FLEEEEING.
 39822 | Depths:2 | 39822 ||| FLEEEEING.
 39822 | Depths:2 | Noticed a caustic shrike
 39823 | Depths:2 | 39823 ||| INVOKING Heroism.
 39831 | Depths:2 | Killed a caustic shrike
 39832 | Depths:2 | Noticed a golden dragon
 39833 | Depths:2 | 39833 ||| INVOKING Finesse.
 39844 | Depths:2 | Reached skill level 26 in Fighting
 39857 | Depths:2 | Killed a golden dragon
 39864 | Depths:2 | 39864 ||| Stepping ~*~*~tactically~*~*~ (outnumbered).
 40081 | Depths:2 | 40081 ||| FLEEEEING.
 40082 | Depths:2 | 40082 ||| FLEEEEING.
 40197 | Depths:2 | Identified the amulet "Wimo" {RegenMP Will+ Int-4 Dex+2}
 40206 | Depths:2 | 40206 ||| Stepping ~*~*~tactically~*~*~ (outnumbered).
 40207 | Depths:2 | 40207 ||| Stepping ~*~*~tactically~*~*~ (outnumbered).
 40210 | Depths:2 | 40210 ||| Stepping ~*~*~tactically~*~*~ (outnumbered).
 40222 | Depths:2 | Identified the +3 plate armour of the Snake Pit {*Slow
                  | rN+++ Will+++}
 40235 | Depths:2 | Identified the staff "Haxuunu" {Drain rElec rN++ Air}
 40251 | Depths:2 | Identified the staff "Bisy" {rElec Earth}
 40489 | Depths:2 | Found Yfeppese's Book Emporium.
 40489 | Depths:2 | Found Aduc Pil's Jewellery Boutique.
 40490 | Depths:2 | Found Ohi Pedd's Book Emporium.
 40502 | Depths:2 | 40502 ||| BUYING ring "Apnudod" {Str+3 Dex+7 SInv} (559
                  | gold).
 40502 | Depths:2 | Bought the ring "Apnudod" {Str+3 Dex+7 SInv} for 559 gold
                  | pieces
 40561 | Depths:2 | 40561 ||| DROPPING ring of fire.
 40562 | Depths:2 | 40562 ||| DROPPING +5 ring of evasion.
 40563 | Depths:2 | 40563 ||| UPGRADING to ring "Apnudod" {Str+3 Dex+7 SInv}.
 40565 | Depths:2 | 40565 ||| UPGRADING to +6 ring of dexterity.
 40567 | Depths:2 | 40567 ||| DROPPING ring "Xyneest" {rElec AC+4 Str+3}.
 40602 | Depths:3 | Reached skill level 15 in Armour
 40774 | Depths:3 | 40774 ||| INVOKING Heroism.
 40775 | Depths:3 | 40775 ||| INVOKING Finesse.
 40783 | Depths:3 | Identified the +0 robe "Baxkeodd" {-Cast rCorr Str+6
                  | Slay-2} (Okawaru gifted it to you on level 3 of the Depths)
 40783 | Depths:3 | Received a gift from Okawaru
 40852 | Depths:3 | Noticed a golden dragon
 40853 | Depths:3 | 40853 ||| INVOKING Heroism.
 40854 | Depths:3 | 40854 ||| INVOKING Finesse.
 40861 | Depths:3 | Killed a golden dragon
 40909 | Depths:3 | 40909 ||| INVOKING Heroism.
 40920 | Depths:3 | 40920 ||| INVOKING Finesse.
 40963 | Depths:3 | Noticed a golden dragon
 40971 | Depths:3 | Killed a golden dragon
 40979 | Depths:3 | Found the +3 hat of Pondering {ponderous, Will+ MP+10
                  | Int+5}
 40987 | Depths:3 | Identified the +11 falchion of Piarotsa {vamp, rElec rN+
                  | Stlth+}
 40988 | Depths:3 | Identified the amulet "Joome" {Reflect rF- Will+++ Regen+
                  | Int-3 SH+5}
 41090 | Depths:3 | Found a corrupted altar of Lugonu.
 41408 | Depths:3 | 41408 ||| INVOKING Heroism.
 41425 | Depths:3 | Received a gift from Okawaru
 41428 | Depths:3 | Reached skill level 27 in Fighting
 41429 | Depths:3 | HP: 54/224 [hell knight/+5 long sword of flaming (15)]
 41430 | Depths:3 | 41430 ||| READING 20 scrolls of teleportation.
 41431 | Depths:3 | 41431 ||| DRINKING 5 potions of heal wounds.
 41432 | Depths:3 | 41432 ||| DRINKING 4 potions of heal wounds.
 41433 | Depths:3 | 41433 ||| DRINKING 3 potions of heal wounds.
 41600 | Depths:3 | 41600 ||| INVOKING Heroism.
 41944 | Depths:4 | Entered Level 4 of the Depths
 41947 | Depths:4 | 41947 ||| STAIRDANCE
 41949 | Depths:3 | 41949 ||| INVOKING Heroism.
 42085 | Depths:4 | 42085 ||| INVOKING Heroism.
 42101 | Depths:4 | Noticed a caustic shrike
 42106 | Depths:4 | Killed a caustic shrike
 42188 | Depths:4 | 42188 ||| INVOKING Heroism.
 42205 | Depths:4 | 42205 ||| INVOKING Finesse.
 42215 | Depths:4 | Noticed a caustic shrike
 42217 | Depths:4 | Noticed a caustic shrike
 42219 | Depths:4 | Noticed a caustic shrike
 42225 | Depths:4 | Killed a caustic shrike
 42228 | Depths:4 | Killed a caustic shrike
 42228 | Depths:4 | Received a gift from Okawaru
 42232 | Depths:4 | Killed a caustic shrike
 42237 | Depths:4 | Reached XP level 22. HP: 108/233 MP: 26/29
 42260 | Depths:4 | 42260 ||| INVOKING Heroism.
 42262 | Depths:4 | 42262 ||| FLEEEEING.
 42263 | Depths:4 | 42263 ||| FLEEEEING.
 42268 | Depths:4 | 42268 ||| FLEEEEING.
 42269 | Depths:4 | 42269 ||| FLEEEEING.
 42271 | Depths:4 | 42271 ||| FLEEEEING.
 42272 | Depths:4 | 42272 ||| FLEEEEING.
 42275 | Depths:4 | 42275 ||| FLEEEEING.
 42276 | Depths:4 | 42276 ||| FLEEEEING.
 42282 | Depths:4 | 42282 ||| STAIRDANCE
 42568 | Depths:4 | 42568 ||| INVOKING Heroism.
 42897 | Depths:4 | 42897 ||| INVOKING Finesse.
 42903 | Depths:4 | Reached skill level 18 in Armour
 42944 | Depths:4 | 42944 ||| INVOKING Heroism.
 43042 | Depths:4 | 43042 ||| Stepping ~*~*~tactically~*~*~ (outnumbered).
 43044 | Depths:4 | 43044 ||| Stepping ~*~*~tactically~*~*~ (outnumbered).
 43076 | Depths:4 | 43076 ||| INVOKING Finesse.
 43181 | Depths:4 | 43181 ||| INVOKING Heroism.
 43225 | Depths:4 | 43225 ||| INVOKING Finesse.
 43249 | Depths:4 | 43249 ||| INVOKING Heroism.
 43407 | Depths:4 | 43407 ||| INVOKING Heroism.
 43408 | Depths:4 | 43408 ||| INVOKING Finesse.
 43409 | Depths:4 | 43409 ||| Stepping ~*~*~tactically~*~*~ (outnumbered).
 43449 | Depths:4 | Found a gate to the Realm of Zot.
 43742 | Depths:4 | Found a one-way gateway to a ziggurat.
 43800 | Depths:4 | 43800 ||| PLANNING VAULTS:5
 44098 | Vaults:5 | Entered Level 5 of the Vaults
 44099 | Vaults:5 | 44099 ||| INVOKING Heroism.
 44112 | Vaults:5 | HP: 44/233 [vault guard/+0 battleaxe (20)]
 44113 | Vaults:5 | 44113 ||| READING 20 scrolls of teleportation.
 44113 | Vaults:5 | HP: 14/233 [constriction (8)]
 44114 | Vaults:5 | 44114 ||| DRINKING 2 potions of heal wounds.
 44115 | Vaults:5 | 44115 ||| DRINKING potion of heal wounds.
 44118 | Vaults:5 | HP: 56/233 [poisoned by a vault guard]
 44137 | Vaults:5 | 44137 ||| INVOKING Heroism.
 44149 | Vaults:5 | HP: 57/233 [tengu reaver/bolt of lightning (14)]
 44150 | Vaults:5 | 44150 ||| READING 19 scrolls of teleportation.
 44193 | Vaults:5 | 44193 ||| INVOKING Heroism.
 44227 | Vaults:5 | 44227 ||| INVOKING Heroism.
 44272 | Vaults:5 | 44272 ||| FLEEEEING.
 44273 | Vaults:5 | 44273 ||| FLEEEEING.
 44274 | Vaults:5 | 44274 ||| INVOKING Heroism.
 44312 | Vaults:5 | 44312 ||| INVOKING Finesse.
 44342 | Vaults:5 | 44342 ||| INVOKING Heroism.
 44411 | Vaults:5 | 44411 ||| INVOKING Finesse.
 44416 | Vaults:5 | Reached skill level 21 in Armour
 44436 | Vaults:5 | Noticed a golden dragon
 44437 | Vaults:5 | 44437 ||| INVOKING Heroism.
 44439 | Vaults:5 | Killed a golden dragon
 44612 | Vaults:5 | 44612 ||| INVOKING Heroism.
 44711 | Vaults:5 | 44711 ||| INVOKING Heroism.
 44781 | Vaults:5 | 44781 ||| INVOKING Heroism.
 44845 | Vaults:5 | 44845 ||| INVOKING Heroism.
 44873 | Vaults:5 | Found Feqojisch's Distillery.
 44873 | Vaults:5 | Found Kaunaage's Book Shop.
 44874 | Vaults:5 | 44874 ||| Stepping ~*~*~tactically~*~*~ (outnumbered).
 44876 | Vaults:5 | Received a gift from Okawaru
 44877 | Vaults:5 | Paralysed by a sphinx for 4 turns
 44878 | Vaults:5 | HP: 53/229 [ettin/+0 dire flail (32)]
 44879 | Vaults:5 | HP: 24/229 [ettin/+0 dire flail (21)]
 44879 | Vaults:5 | HP: 1/229 [stone giant (23)]
 44880 | Vaults:5 | Killed from afar by a sphinx

Levels and vault maps discovered:
D:1:      eino_arrival_water_cross, layout_basic, serial_forest,
          infiniplex_forest_lined_room_2, infiniplex_forest_end_2,
          infiniplex_forest_lined_room_2, infiniplex_forest_clump_C,
          infiniplex_forest_straight_3, infiniplex_forest_lined_room_2,
          infiniplex_forest_lined_corner, minmay_unequal
D:2:      layout_basic, minmay_statues_item, minmay_cut_off
D:3:      layout_loops_ring, grunt_ministairs_9, kennysheep_generic_room_16
D:4:      layout_loops_ring, uniq_ijyb, uniq_menkaure
D:5:      layout_basic, mainiacjoe_overflow_alcove_1,
          mainiacjoe_overflow_concentric_impassable
D:6:      layout_cave_pools, minmay_temple_entry_waves, wad_rectangle_vault
D:7:      layout_loops_ring, nicolae_overflow_hallway_of_the_gods,
          nicolae_uskayaw_en_pointe
D:8:      layout_loops_ring, palyth_stone_intersect, minmay_manual_mares,
          uniq_maggie
D:9:      layout_irregular_city, serial_shops, shop, nicolae_wooded_promenade
D:10:     layout_gridville, chequers_temple_overflow_statue_of_worship,
          due_lair_maze_entry_diamond, chequers_big_river, evilmike_butchery
D:11:     fort_yaktaur, layout_layer_cave, erik_orc_4
D:12:     layout_small_grid, uniq_kirke
D:13:     layout_loops_ring, david_vaults_2
D:14:     minmay_s_stair_smasher, layout_long_grid,
          nicolae_qazlal_style_of_elements, st_stairs_12
D:15:     gammafunk_enter_depths_forms, layout_loops_ring,
          grunt_dithmenos_smoke_and_mirrors, serial_bayou_crossing
Temple:   hellmonk_temple_forest_ring
Lair:1:   layout_regular_city, chequers_serial_rivers_small_b
Lair:2:   layout_misc_corridors, spider_nest_entry_funnel_web,
          hellmonk_ghost_happy_afterlife, eino_small_chamber_without_monster
Lair:3:   beargit_carnivore_pack, layout_regular_city,
          skrybe_swamp_entry_bodies, uniq_gastronok
Lair:4:   layout_cave_pods, slime_entry_1, basic_altar, uniq_rupert
Lair:5:   due_jungle_book, layout_regular_city, grunt_megastairs_4
Swamp:1:  layout_basic_swamp, serial_swamp_ruin, hangedman_swamp_ruin_hall,
          evilmike_swamp_ruin_house_3, cheibrodos_swamp_witchery
Swamp:2:  nicolae_swamp_tree_isthmus, layout_falls_marsh,
          evilmike_swamp_ruin_house_5, infiniplex_staircase_pool
Swamp:3:  nicolae_swamp_husk_halls, layout_falls_marsh,
          evilmike_swamp_ruin_rubble_2, infiniplex_staircase_pool_2, uniq_louise
Swamp:4:  swamp_pestilence, layout_basic_swamp
Spider:1: nicolae_spider_brood_tunnel, nicolae_looking_at_the_future
Spider:2: layout_chambers, uniq_roxanne, uniq_aizul
Spider:3: layout_spider_delve, hangedman_spider_tarantella_strand, uniq_agnes
Spider:4: guppyfry_spider_rune, nicolae_spider_spiderdrome
Orc:1:    layout_diamond_mine, serial_shops, shop, nicolae_shop_stone, shop,
          basic_altar, nicolae_shop_gadgets
Orc:2:    st_orc_town, layout_diamond_mine, portal_ice_cave_entry_imps,
          serial_shops, nicolae_shop_peninsula, hangedman_minor_magic
Vaults:1: hangedman_vaults_river_flow, st_eye, nicolae_vaults_spaceships,
          vaults_room_corners, nicolae_vaults_stairing_the_circle,
          grunt_vaults_twisty, v_misc_32, nicolae_vaults_little_squares_3,
          ontoclasm_vaults_claustrophobia, nicolae_vaults_diamond_2,
          nicolae_vaults_tangram_1, nicolae_vaults_diagonal_hallway_6,
          nicolae_vaults_house_1, nicolae_vaults_specimen_jars,
          layout_vaults_maze_bifur
Vaults:2: nicolae_vaults_bisected_slash, nicolae_vaults_three_branches,
          nicolae_vaults_security_offices_1, nicolae_vaults_storage_room_water,
          vaults_room_boxed, ontoclasm_vaults_gateway,
          nicolae_vaults_trapezoid_lopsided_1, nicolae_vaults_closet_pinwheel_6,
          minmay_crypt_entry_simple_corners, grunt_vaults_trifunnel,
          v_pattern_5, ontoclasm_vaults_chip, v_alt_pattern_1, v_misc_19,
          ontoclasm_vaults_twist, layout_vaults_omnicross
Vaults:3: nicolae_vaults_network_barrier, nicolae_vaults_bisected_exclaves,
          nicolae_vaults_hallways_thing, vaults_mumra_minichess_inversion,
          vaults_standard_mumra_x, nicolae_vaults_layer_cake_slice,
          nicolae_vaults_trapezoid_3, nicolae_vaults_library_corner,
          ontoclasm_vaults_chip, nicolae_vaults_trapezoid_3,
          layout_vaults_omnigrid
Vaults:4: nicolae_vaults_turnstiles, v_alt_pattern_1,
          nicolae_vaults_double_plus_1, hangedman_vaults_snaps,
          nicolae_vaults_little_squares_1, v_misc_23,
          nicolae_vaults_shrinking_rooms_1, v_misc_1, ontoclasm_vaults_chip,
          vaults_room_fours, nicolae_vaults_trapezoid_2,
          vaults_room_guarded_vault, nicolae_vaults_trapezoid_lopsided_4,
          nicolae_vaults_apartment_1, layout_vaults_omnibox, serial_shops,
          nicolae_shop_overgrown_old_shop, uniq_sojobo
Vaults:5
Depths:1: layout_roguey, abyss_entry, serial_shops, shop,
          grunt_pan_entry_in_and_out, grunt_hell_entry_dis_grunt,
          nicolae_wu_jian_immortal_techniques, kennysheep_cross_landing
Depths:2: minmay_fractal_lines_corner, layout_gridlike, hell_entry,
          minmay_tree_intersection, grunt_pan_entry_spiral,
          minmay_staircase_statues, minmay_shop_grove, uniq_josephina
Depths:3: kennysheep_four_of_diamonds, layout_cave_pools,
          hangedman_tar_grid_catacomb, abyss_entry_flame_altar,
          serial_bayou_shore_b
Depths:4: grunt_zot_entry_hairpin, layout_gridlike, enter_ziggurat_a,
          hellmouth_3

Skill      XL: |  1  2  3  4  5  6  7  8  9 10 11 12 13 14 15 16 17 18 19 20 21 22 |
---------------+-------------------------------------------------------------------+-----
Ranged Weapons | 3 4 5 7 8 10 12 14 16 17 18 20 22 | 22.0
Fighting       | 2 4 5 7 8 9 10 11 12 14 17 19 21 22 24 25 27 | 27.0
Armour         | 1 2 3 5 6 7 8 9 11 12 13 14 17 21 | 21.7
Dodging        | 3 4 5 6 7 9 11 13 16 17 18 20 22 | 22.0
Invocations    | 4 7 10 11 | 11.2
Spellcasting   | |  1.0
Hexes          | |  2.0

Action                     |  1- 3 |  4- 6 |  7- 9 | 10-12 | 13-15 | 16-18 | 19-21 | 22-24 || total
---------------------------+-------+-------+-------+-------+-------+-------+-------+-------++-------
   Fire: Sling             |   127 |   134 |   200 |       |       |       |       |       ||   461
         Orcbow            |       |       |   126 |   417 |       |       |       |       ||   543
         Longbow           |       |       |       |   148 |  1027 |   904 |       |       ||  2079
         Triple crossbow   |       |       |       |       |       |   382 |  1071 |   305 ||  1758
 Invoke: Heroism           |       |       |     5 |    21 |    24 |    32 |    31 |    17 ||   130
         Finesse           |       |       |       |       |     4 |    15 |    17 |     6 ||    42
    Use: Scroll            |     7 |     4 |     4 |     6 |     9 |     6 |     2 |     2 ||    40
         Potion            |     1 |     1 |     1 |     1 |     2 |     4 |     3 |     2 ||    15
 Armour: Ring mail         |    44 |    22 |    62 |   161 |   137 |   179 |   166 |    37 ||   808
         Robe              |     2 |       |       |       |       |       |       |       ||     2
  Dodge: Dodged            |    60 |    34 |   107 |   223 |   301 |   639 |   794 |   194 ||  2352
         Repelled          |       |       |       |       |     2 |    10 |     5 |     2 ||    19

Table legend:
 A = Non-vault XP
 B = Vault XP
 C = Vault XP percentage of total XP
 D = Non-vault monster count
 E = Vault monster count
 F = Vault count percentage of total count
                 A         B        C        D         E       F
            +---------+---------+-------+---------+---------+-------
      Total |  472173 |  344278 |  42.2 |    1101 |     624 |  36.2
            +---------+---------+-------+---------+---------+-------
        D:1 |      24 |       5 |  17.2 |      15 |       3 |  16.7
        D:2 |      45 |      62 |  57.9 |      19 |       7 |  26.9
        D:3 |       7 |      40 |  85.1 |       5 |       3 |  37.5
        D:4 |     121 |     169 |  58.3 |      17 |       1 |   5.6
        D:5 |     815 |       0 |   0.0 |      30 |       0 |   0.0
        D:6 |    1207 |     393 |  24.6 |      28 |       6 |  17.6
        D:7 |     858 |       0 |   0.0 |      17 |       0 |   0.0
        D:8 |    2367 |     643 |  21.4 |      24 |       3 |  11.1
        D:9 |    3504 |       0 |   0.0 |      28 |       0 |   0.0
       D:10 |    3176 |     922 |  22.5 |      36 |       8 |  18.2
       D:11 |    5438 |   10914 |  66.7 |      26 |      51 |  66.2
       D:12 |    4932 |    2397 |  32.7 |      16 |       6 |  27.3
       D:13 |    4153 |     874 |  17.4 |       9 |       3 |  25.0
       D:14 |    8204 |    7288 |  47.0 |      12 |      14 |  53.8
       D:15 |   10263 |    5176 |  33.5 |      19 |       9 |  32.1
     Lair:1 |    8742 |       0 |   0.0 |      35 |       0 |   0.0
     Lair:2 |    8687 |    1238 |  12.5 |      33 |       4 |  10.8
     Lair:3 |    9406 |    4501 |  32.4 |      35 |       5 |  12.5
     Lair:4 |    6955 |    1718 |  19.8 |      18 |       1 |   5.3
     Lair:5 |   14311 |   16441 |  53.5 |      40 |      39 |  49.4
    Swamp:1 |    9686 |    1336 |  12.1 |      19 |       1 |   5.0
    Swamp:2 |   13584 |     930 |   6.4 |      26 |       1 |   3.7
    Swamp:3 |   15716 |    1897 |  10.8 |      27 |       3 |  10.0
    Swamp:4 |   14201 |   15475 |  52.1 |      25 |      41 |  62.1
   Spider:1 |   15875 |   11915 |  42.9 |      47 |      31 |  39.7
   Spider:2 |   21197 |    2606 |  10.9 |      51 |       2 |   3.8
   Spider:3 |   10006 |    1702 |  14.5 |      23 |       2 |   8.0
   Spider:4 |   13023 |   22295 |  63.1 |      34 |      36 |  51.4
      Orc:1 |    3616 |       0 |   0.0 |      28 |       0 |   0.0
      Orc:2 |    1308 |    8549 |  86.7 |      13 |      91 |  87.5
   Vaults:1 |   18542 |   31235 |  62.7 |      28 |      43 |  60.6
   Vaults:2 |   32037 |   27450 |  46.1 |      51 |      39 |  43.3
   Vaults:3 |   33407 |   19976 |  37.4 |      47 |      26 |  35.6
   Vaults:4 |   32302 |   25685 |  44.3 |      40 |      33 |  45.2
   Vaults:5 |   11973 |   51675 |  81.2 |      16 |      49 |  75.4
   Depths:1 |   20404 |    5128 |  20.1 |      29 |       5 |  14.7
   Depths:2 |   19354 |   17246 |  47.1 |      21 |      13 |  38.2
   Depths:3 |   49130 |   18446 |  27.3 |      69 |      15 |  17.9
   Depths:4 |   43597 |   27951 |  39.1 |      45 |      30 |  40.0
            +---------+---------+-------+---------+---------+-------
